 Dungeon Crawl Stone Soup version 0.32-a0-360-gcd93b57ba1 (webtiles) character file.

Game seed: 6053182863102001096

1736764 Flugkiller the Conqueror (level 27, 273/273 HPs)
             Began as a Coglin Chaos Knight on Feb 18, 2024.
             Was a Favourite Plaything of Xom.
             Escaped with the Orb
             ... and 3 runes!
             The game lasted 02:02:18 (63834 turns).

Flugkiller the Conqueror (Coglin Chaos Knight)     Turns: 63834, Time: 02:02:18

Health: 273/273    AC: 34    Str: 15    XL:     27
Magic:  13/23      EV: 36    Int: 13    God:    Xom [.*....]
Gold:   3781       SH:  0    Dex: 30    Spells: 26/26 levels left

rFire   + . .        o - +7 rapier (speed) {Ran}
rCold   + . .        A - +9 rapier (vamp) {Kanchana}
rNeg    . . .        N - quicksilver dragon scales
rPois   +            C - +0 hat of Satisfaction {rElec rC+ Dex+4}
rElec   +            J - +2 cloak {Will+}
rCorr   .            l - +3 Mad Mage's Maulers {Infuse+∞ VampMP -Cast}
SInv    .            Y - +2 pair of boots {rampage}
Will    +++++        E - amulet of the acrobat
Stlth   +            f - ring of protection from fire
HPRegen 1.45/turn    T - +8 ring of slaying
MPRegen 0.18/turn

%: no spellcasting, acrobat, rampage, infuse magic (13 MP)
@: studying 2 skills
A: off-hand wielding, slow wielding, warmup strikes, warmup strides, iridescent
scales 3, thin skeletal structure 1, agile 1, strong-willed 1, passive freeze,
poison resistance, regeneration 1, robust 1, weak 1, MP-powered wands, noise
suppression
0: Orb of Zot
}: 3/15 runes: serpentine, barnacled, silver
a: Renounce Religion


You escaped.
You worshipped Xom.
You were a plaything of Xom.
You visited 9 branches of the dungeon, and saw 47 of its levels.
You also visited: Sewer, Bailey, Ice Cave and Wizlab.

You collected 10544 gold pieces.
You spent 6763 gold pieces at shops.

Inventory:

Hand Weapons
 a - the +3 scimitar of Zeinet {flame, rElec rC+ Dex+2}
   (You found it on level 3 of the Vaults)

   Dex+2:     It affects your dexterity (+2).
   rC+:       It protects you from cold.
   rElec:     It insulates you from electricity.
 o - a +7 rapier of speed (weapon) {Ran}
   (You took it off a merfolk aquamancer on level 4 of the Shoals)
 A - a +9 vampiric rapier (worn) {Kanchana}
   (You took it off a merfolk aquamancer on level 4 of the Shoals)
Missiles
 b - 10 throwing nets
 x - 15 curare-tipped darts
Armour
 l - the +3 Mad Mage's Maulers (worn) {Infuse+∞ VampMP -Cast}
   (You acquired it on level 4 of the Dungeon)

   Infuse+∞: It empowers its wearer's blows with all of their magic.
   VampMP:    Blows struck in melee replenish the wearer's magic.
   -Cast:     It prevents spellcasting.
 C - the +0 hat of Satisfaction (worn) {rElec rC+ Dex+4}
   (You found it on level 3 of the Elven Halls)

   Dex+4:     It affects your dexterity (+4).
   rC+:       It protects you from cold.
   rElec:     It insulates you from electricity.
 J - a +2 cloak of willpower (worn)
   (You bought it in a shop on level 2 of the Elven Halls)
 N - quicksilver dragon scales (worn)
   (You found it on level 2 of the Realm of Zot)
 W - the +1 pair of gloves of Simyek {Rampage rElec Int+4}
   (You found it on level 5 of the Vaults)

   Int+4:     It affects your intelligence (+4).
   rElec:     It insulates you from electricity.
   Rampage:   It bestows one free step when moving towards enemies.
 Y - a +2 pair of boots of rampaging (worn)
   (You found it on level 3 of the Elven Halls)
Jewellery
 f - a ring of protection from fire (left grasper)
   (You found it on level 8 of the Dungeon)
 j - a +4 ring of slaying
   (You found it on level 4 of the Dungeon)
 k - the ring "Ilusod" {rPois rC+ SInv}
   (Xom gifted it to you on level 10 of the Dungeon)

   [ring of see invisible]

   rC+:       It protects you from cold.
   rPois:     It protects you from poison SInv: It lets you see invisible.
 m - a ring of willpower
   (You found it on level 2 of the Depths)
 E - an amulet of the acrobat (around neck)
   (You found it on level 5 of the Dungeon)
 T - a +8 ring of slaying (right grasper)
   (You bought it in a shop on level 2 of the Shoals)
Wands
 D - a wand of iceblast (31)
   (You took it off Joseph on level 7 of the Dungeon)
 F - a wand of digging (6)
   (You found it in a sewer)
 I - a wand of charming (63)
   (You found it on level 5 of the Dungeon)
 P - a wand of mindburst (25) (quivered)
   (You found it on level 6 of the Dungeon)
 Q - a wand of acid (32)
   (You found it on level 7 of the Dungeon)
Scrolls
 i - 10 scrolls of fear
 r - 3 scrolls of silence
 t - 8 scrolls of teleportation
 y - 2 scrolls of fog
 z - a scroll of blinking
 B - 8 scrolls of vulnerability
 G - 7 scrolls of poison
 O - 7 scrolls of enchant armour
 R - 2 scrolls of summoning
 V - 5 scrolls of immolation
Potions
 c - 9 potions of ambrosia
 d - 3 potions of might
 g - 2 potions of lignification
 n - 2 potions of resistance
 q - 10 potions of curing
 u - 9 potions of mutation
 w - 6 potions of heal wounds
 H - 7 potions of invisibility
 K - 4 potions of cancellation
 L - 7 potions of berserk rage
 M - 14 potions of magic
 U - 5 potions of enlightenment
Miscellaneous
 e - a lightning rod (4/4)
   (You found it on level 4 of the Shoals)
 p - a tin of tremorstones (2/2)
   (You found it on level 5 of the Vaults)
 s - a box of beasts
   (Xom gifted it to you on level 4 of the Shoals)
 v - a phantom mirror
   (You found it on level 5 of the Vaults)
 X - a phial of floods
   (You found it on level 5 of the Lair of Beasts)


   Skills:
 O Level 27 Fighting
 - Level 10.5(14.0) Short Blades
 - Level 16.0(17.3) Long Blades
 - Level 18.0 Armour
 + Level 24.8 Dodging
 - Level 20.0 Evocations


You had 26 spell levels left.
You didn't know any spells.
Your spell library contained the following spells:

 Spells                   Type           Power      Damage    Failure   Level
 Apportation              Tloc           0%         N/A       43%         1
 Foxfire                  Conj/Fire      0%         2x1d4     43%         1
 Magic Dart               Conj           0%         1d3       43%         1
 Necrotise                Necr           0%         1d4       43%         1
 Sting                    Conj/Alch      0%         1d3       43%         1
 Blink                    Tloc           0%         N/A       56%         2
 Call Imp                 Summ           0%         N/A       56%         2
 Cigotuvi's Dreadful Rot  Necr/Alch/Air  0%         N/A       56%         2
 Jinxbite                 Hex            0%         N/A       56%         2
 Lesser Beckoning         Tloc           0%         N/A       56%         2
 Mercury Vapours          Alch/Air       0%         N/A       56%         2
 Momentum Strike          Conj/Tloc      0%         3d8       56%         2
 Scorch                   Fire           0%         2d5       56%         2
 Searing Ray              Conj           0%         2d4       56%         2
 Sublimation of Blood     Necr           0%         N/A       56%         2
 Fugue of the Fallen      Necr           0%         N/A       80%         3
 Gell's Gravitas          Tloc           0%         N/A       80%         3
 Mephitic Cloud           Conj/Alch/Air  0%         N/A       80%         3
 Ozocubu's Armour         Ice            0%         N/A       80%         3
 Summon Ice Beast         Ice/Summ       0%         N/A       80%         3
 Teleport Other           Tloc           0%         N/A       80%         3
 Tukima's Dance           Hex            0%         N/A       80%         3
 Vampiric Draining        Necr           0%         2d6       80%         3
 Volatile Blastmotes      Fire/Tloc      0%         2d10      80%         3
 Animate Dead             Necr           0%         N/A       99%         4
 Brom's Barrelling Bould  Conj/Erth      0%         2d3       99%         4
 Dimensional Bullseye     Hex/Tloc       0%         N/A       99%         4
 Dispel Undead            Necr           0%         3d6       99%         4
 Fulminant Prism          Conj/Alch      0%         3d5       99%         4
 Iskenderun's Mystic Bla  Conj/Tloc      0%         2d3       99%         4
 Manifold Assault         Tloc           0%         N/A       99%         4
 Martyr's Knell           Necr/Summ      0%         N/A       99%         4
 Olgreb's Toxic Radiance  Alch           0%         N/A       99%         4
 Passage of Golubria      Tloc           0%         N/A       99%         4
 Petrify                  Alch/Erth      0%         N/A       99%         4
 Summon Blazeheart Golem  Fire/Summ      0%         N/A       99%         4
 Alistair's Intoxication  Alch           0%         N/A       100%        5
 Curse of Agony           Necr           0%         N/A       100%        5
 Fireball                 Conj/Fire      0%         3d3       100%        5
 Freezing Cloud           Conj/Ice/Air   0%         6-21      100%        5
 Irradiate                Conj/Alch      0%         3d11      100%        5
 Iskenderun's Battlesphe  Conj           0%         2d6       100%        5
 Metabolic Englaciation   Hex/Ice        0%         N/A       100%        5
 Silence                  Hex/Air        0%         N/A       100%        5
 Summon Forest            Summ/Tloc      0%         N/A       100%        5
 Summon Mana Viper        Hex/Summ       0%         N/A       100%        5
 Yara's Violent Unravell  Hex/Alch       0%         3d3       100%        5
 Bombard                  Conj/Erth      0%         9d1       100%        6
 Conjure Ball Lightning   Conj/Air       0%         3x3d6     100%        6
 Death Channel            Necr           0%         N/A       100%        6
 Dispersal                Tloc           0%         N/A       100%        6
 Eringya's Noxious Bog    Alch           0%         4d6       100%        6
 Sculpt Simulacrum        Ice/Alch       0%         N/A       100%        6
 Summon Cactus Giant      Summ           0%         N/A       100%        6
 Enfeeble                 Hex            0%         N/A       100%        7
 Haunt                    Necr/Summ      0%         N/A       100%        7
 Malign Gateway           Summ/Tloc      0%         N/A       100%        7
 Monstrous Menagerie      Summ           0%         N/A       100%        7
 Orb of Destruction       Conj           0%         9d5       100%        7
 Spellforged Servitor     Conj/Summ      0%         N/A       100%        7
 Summon Hydra             Summ           0%         N/A       100%        7
 Borgnjor's Revivificati  Necr           0%         N/A       100%        8
 Disjunction              Tloc           0%         N/A       100%        8
 Infestation              Necr           0%         N/A       100%        8
 Lehudib's Crystal Spear  Conj/Erth      0%         10d2      100%        8
 Summon Horrible Things   Summ           0%         N/A       100%        8
 Chain Lightning          Conj/Air       0%         N/A       100%        9
 Fire Storm               Conj/Fire      0%         5d1       100%        9
 Shatter                  Erth           0%         3d5*      100%        9


Dungeon Overview and Level Annotations

Branches:
Dungeon (15/15)            Temple (0/1) D:7            Lair (5/5) D:8
 Shoals (4/4) Lair:3        Snake (4/4) Lair:3          Orc (2/2) D:12
    Elf (3/3) Orc:2        Vaults (5/5) D:14          Crypt (0/3) Vaults:3
 Depths (4/4) D:15            Zot (5/5) Depths:4      Sewer (visited)
 Bailey (visited)           IceCv (visited)          WizLab (visited)
  Slime: Lair:4-5

Altars:
Cheibriados
Elyvilon
Fedhas
Gozag
Okawaru
Ru
Trog
Vehumet
Xom
Zin
The Shining One
Jiyva
Lugonu

Shops:
D:5 =(*(   D:7 [   D:14 *   Orc:2 ([==   Elf:1 =(   Elf:2 [   Elf:3 (
Shoals:2 =   Snake:3 *   Vaults:1 ?[![[?   Zot:3 *   Depths:1 *   Depths:2 (

Portals:
Hell: Depths:1 Depths:2 Depths:3
Abyss: Depths:2 Depths:3 Depths:4
Pandemonium: Depths:2 Depths:3
Ziggurat: Depths:4

Annotations:
D:3 1 runed translucent door, Nebesus's ghost, amateur AtFi
D:9 3 runed translucent doors, bmj180's ghost, novice HuCj
D:10 3 runed translucent doors, Vorhees's ghost, journeyman FoFi; Xtruder99's ghost, journeyman GnFi
Lair:1 1 runed translucent door, ILmort's ghost, journeyman TrWr
Lair:4 exclusion: oklob plant
Snake:2 2 transporters, vcxz's ghost, adept NaWn
Depths:4 exclusions: hell hog, hellion and 2 more exclusions
Zot:3 3 runed translucent doors, exclusion: obsidian statue, Muataran's ghost, veteran MiMo


Innate Abilities, Weirdness & Mutations

You can wield a second weapon in your off-hand.
It takes a long time for you to wield or remove held weapons.
Your first few attacks do less damage.
Your first movements take longer.
You are completely covered in iridescent scales. (AC +6)
You have a somewhat thin skeletal structure. (Dex +2, Stealth+)
You are agile. (Dex +4, Str/Int -1)
You are strong-willed. (Will+)
A frigid envelope surrounds you and freezes all who hurt you.
Your system is resistant to poisons. (rPois)
Your natural rate of healing is unusually fast.
You are robust. (+10% HP)
You are weak. (Str -2)
You expend magic power (3 MP) to strengthen your wands.
You passively dampen the noise of your surroundings.


Message History

The Orb Guardian completely misses you.
You are too confused!
You impale the Orb Guardian with your +7 rapier of speed!!
The Orb Guardian is moderately wounded.
You completely miss the Orb Guardian with your +9 vampiric rapier.
The Orb Guardian hits you but does no damage.
The Orb Guardian is very cold.
The Orb Guardian is moderately wounded.
You are too confused!
You are too confused!
You're too confused to move!
You feel less confused. The Orb Guardian completely misses you.
You hit the Orb Guardian with your +7 rapier of speed.
The Orb Guardian is moderately wounded.
You impale the Orb Guardian with your +9 vampiric rapier!!
You feel better. The Orb Guardian completely misses you.
You closely miss the Orb Guardian with your +9 vampiric rapier.
The Orb Guardian is heavily wounded.
You completely miss the Orb Guardian with your +7 rapier of speed.
You hit the Orb Guardian with your +9 vampiric rapier.
The Orb Guardian is severely wounded.
You hit the Orb Guardian with your +7 rapier of speed.
The Orb Guardian closely misses you.
You impale the Orb Guardian with your +9 vampiric rapier!!
You feel better.
The Orb Guardian is almost dead.
You puncture the Orb Guardian with your +7 rapier of speed!
You kill the Orb Guardian!
No target in view!
No target in view!
There is a stone staircase leading up here.
You climb upwards.
There is a stone staircase leading down here.
A shadow demon comes into view.
The shadow demon croaks.
You see here a +0 giant spiked club.
The shadow demon completely misses you.
You puncture the shadow demon with your +9 vampiric rapier!
The shadow demon is lightly wounded.
You puncture the shadow demon with your +7 rapier of speed!
You hit the shadow demon with your +7 rapier of speed.
The shadow demon is moderately wounded.
You impale the shadow demon with your +9 vampiric rapier!!
You impale the shadow demon with your +7 rapier of speed!!
You kill the shadow demon!
There is an entrance to Diabof's General Store here.
Things that are here:
3 silver javelins; a +0 short sword {Annika}
There is a stone staircase leading up here.
You climb upwards.
There is a stone staircase leading down here.
There is a stone staircase leading up here.
You climb upwards.
Level annotation: 1 runed translucent door, Nebesus's ghost, amateur AtFi
There is a stone staircase leading down here.
There is a stone staircase leading up here.
You climb upwards.
There is a stone staircase leading down here.
A Qulot and an Ice Fiend come into view.
Press: ? - help, v - describe, . - travel
Here: an Ice Fiend (wandering, hasn't noticed you)
The floor.
Press: ? - help, v - describe, . - travel
Here: Qulot The floor.
Unknown command.
Unknown command.
Unknown command.
Press: ? - help, v - describe, . - travel
Here: Qulot The floor.
Unknown command.
Unknown command.
Unknown command.
Blink to where?
Press: ? - help, Dir - move target
As you read the scroll of blinking, it crumbles to dust.
Qulot moves out of view.
The Ice Fiend moves out of view.
Unknown command.
You feel yourself speed up.
As you read the scroll of fog, it dissolves into smoke.
Unknown command.
There is a stone staircase leading up here.
You climb upwards.
There is a stone staircase leading down here.
What level of the Dungeon? (default 1, ? - help)
Your extra speed is starting to run out.
You feel yourself slow down. 2 demonspawn black suns come into view.
A demonspawn black sun is wielding a +1 demon whip of freezing.
You hear a chilling moan.
The demonspawn black sun shouts!
Something hits you.
You feel your power leaking away.
Deactivating autopickup; reactivate with Ctrl-A.
There is a staircase leading out of the dungeon here.
Enter note: gg HP restored.
Something closely misses you.
The demonspawn black sun closely misses you.
You have escaped!

#.##### #...#.#.#.....# #.#
#.##### #...#.#.#.##### #.#
......######...#.#.#.# #.#
#.##...#.......#.#.#.# #.#
#......#.#####.#.#.#.# #.#
###....#.#####.#.#.#.# #.# #
#....#.#.....#...#.# #.# #
#....#.#.#########.# ####.#
###....#.#.# ##@# #.# #.....
....#'##.#.# ##6.# #.# #.####
###....#.#.###...# #.# #.#
##..........##...###.# #.#
##.....#....#...6.∩#.# #.####
##.........##.....∩#.#######....#
##.........#∩.....##..........#.#
.#.........#∩.....##.########.#.#
.#.........#∩.....∩### #...#


You could see 2 demonspawn black suns.

Vanquished Creatures
  3 ancient liches
  2 dread liches (Vaults:5)
  3 orbs of fire
  Boris (Vaults:5)
  Sojobo (Vaults:5)
  2 Killer Klowns (Zot:5)
  Bai Suzhen (Vaults:5)
  Vashnia (Snake:4)
  Margery (Vaults:5)
  4 curse toes
  A caustic shrike (Depths:2)
  Nikola (Shoals:3)
  11 golden dragons
  A pearl dragon (Shoals:4)
  Norris (Depths:2)
  5 electric golems
  A hellephant (Vaults:5)
  12 tentacled monstrosities
  A Brimstone Fiend (D:9)
  Jorgrun (Snake:1)
  23 Orb Guardians
  3 deep elf blademasters
  2 liches
  3 titans (Vaults:5)
  2 deep elf master archers
  4 sphinxes
  11 quicksilver dragons
  An eldritch tentacle (WizLab)
  6 death cobs
  2 Executioners (Zot:2)
  11 shadow dragons
  2 tentacled starspawn (WizLab)
  11 storm dragons
  4 tengu reavers
  Kirke (Shoals:1)
  Agnes (Snake:1)
  Donald (Snake:2)
  4 fire giants
  3 draconian knights
  7 nagarajas
  A daeva (Zot:1)
  5 draconian monks
  2 azure jellies (shapeshifter) (Depths:3)
  A frost giant (shapeshifter) (Depths:3)
  9 protean progenitors
  6 deep elf elementalists
  An emperor scorpion (Vaults:5)
  10 deep elf sorcerers
  An angel (Shoals:3)
  A ghoul (Vaults:3)
  10 draconian scorchers
  6 draconian shifters
  4 balrugs
  2 ghost moths
  3 iron dragons
  19 vault wardens
  8 frost giants
  A draconian stormcaller (Zot:4)
  12 draconian annihilators
  6 very ugly things
  A reaper (Depths:2)
  2 broodmothers (WizLab)
  A spriggan defender (Depths:4)
  An orc warlord (Bailey)
  15 stone giants
  15 ironbound preservers
  A demonspawn corrupter (WizLab)
  9 ironbound thunderhulks
  2 vampire knights
  14 black draconians
  A formless jellyfish (Vaults:1)
  4 green draconians
  8 deep elf demonologists
  10 deep elf annihilators
  A ghost moth (shapeshifter) (Depths:3)
  A minotaur (Vaults:1)
  7 red draconians
  9 white draconians
  11 deep elf death magi
  A purple draconian (shapeshifter) (Depths:3)
  10 dire elephants
  10 spark wasps
  14 yellow draconians
  16 purple draconians
  6 war gargoyles (Depths:3)
  7 blizzard demons
  4 bunyips
  2 green deaths
  7 deep elf high priests
  11 fire dragons
  9 merfolk javelineers
  10 ettins
  7 merfolk impalers
  Josephine (Lair:4)
  A great orb of eyes (shapeshifter) (Lair:5)
  3 entropy weavers
  16 yaktaur captains
  9 great orbs of eyes
  Harold (D:11)
  Fannar (D:10)
  3 ogre magi
  5 hydras
  3 rakshasas (WizLab)
  3 salamander tyrants (Snake:4)
  33 vault guards
  10 anacondas
  2 alligators (Zot:4)
  8 merfolk aquamancers
  6 ice dragons
  2 alligator snapping turtles
  5 ironbound frosthearts
  5 merfolk avatars
  4 catoblepae
  2 spriggan air magi (Depths:4)
  22 centaur warriors
  A boulder beetle (D:15)
  A radroach (Zot:5)
  4 hell hogs (Zot:1)
  A two-headed ogre (shapeshifter) (Vaults:5)
  39 dancing weapons
  3 starcursed masses (WizLab)
  A death knight (Vaults:3)
  28 death yaks
  4 two-headed ogres
  A deep troll shaman (Depths:2)
  17 naga warriors
  4 deep troll earth magi
  2 satyrs
  An occultist (Depths:1)
  Urug (Lair:3)
  An orc high priest (Elf:1)
  12 naga sharpshooters
  8 shock serpents
  3 sun demons
  5 hell knights
  A shock serpent (shapeshifter) (WizLab)
  Sonja (Lair:4)
  3 spriggan berserkers (Depths:3)
  3 tengu warriors
  A holy swine (Shoals:3)
  5 skysharks
  2 soul eaters
  14 deep elf knights
  8 salamander mystics
  A death drake (WizLab)
  4 iron trolls
  12 skeletal warriors
  5 naga ritualists
  A sixfirhy (Depths:2)
  A sea snake (shapeshifter) (Depths:3)
  2 goliath frogs (Zot:2)
  2 fire crabs
  2 flayed ghosts
  10 sea snakes
  43 deep trolls
  2 deep trolls (shapeshifter)
  3 orb spiders (WizLab)
  8 glowing orange brains
  9 arcanists
  7 mana vipers
  2 cherubim (Shoals:4)
  12 deep elf archers
  3 shadow demons
  10 lindwurms
  5 obsidian statues
  3 phantasmal warriors
  A harpy (shapeshifter) (Lair:5)
  4 necromancers
  25 deep elf zephyrmancers
  29 harpies
  12 ironbound convokers
  An anaconda skeleton (WizLab)
  3 orc knights
  A fire giant zombie (Depths:1)
  28 deep elf pyromancers
  38 ugly things
  An ugly thing (shapeshifter) (Depths:3)
  3 fauns (shapeshifter)
  10 cyclopes
  16 salamanders
  3 worldbinders (WizLab)
  19 fauns
  Maurice (Orc:1)
  18 manticores
  39 black mambas
  An ice statue (IceCv)
  6 kobold blastminers (Orc:2)
  Joseph (D:7)
  A meliai (shapeshifter) (D:14)
  5 guardian serpents
  6 merfolk sirens
  A human skeleton (Vaults:1)
  An apocalypse crab (WizLab)
  30 elephants
  25 moths of wrath
  27 vault sentinels
  A molten gargoyle (Depths:3)
  A rust devil (Zot:1)
  12 naga magi
  7 cane toads
  3 gargoyles
  A torpor snail (shapeshifter) (Depths:3)
  3 water nymphs
  A large abomination (WizLab)
  A smoke demon (Depths:2)
  An orange demon (D:13)
  8 komodo dragons
  3 yaktaur zombies
  A human zombie (Vaults:2)
  29 yaktaurs
  2 unseen horrors
  A komodo dragon (shapeshifter) (WizLab)
  Jeremiah (D:7)
  11 rime drakes
  5 tengu conjurers
  An efreet (D:13)
  A yaktaur skeleton (Vaults:1)
  A freezing wraith (Vaults:5)
  2 hellwings (WizLab)
  10 polar bears
  A queen bee (Lair:1)
  3 hornets
  21 merfolk
  3 trolls
  7 wind drakes
  10 blink frogs
  A glass eye (shapeshifter) (Depths:3)
  3 raiju (Depths:3)
  4 jumping spiders (WizLab)
  5 dream sheep (Shoals:2)
  2 glass eyes (Zot:2)
  8 snapping turtles
  A frost giant simulacrum (Vaults:4)
  22 water elementals
  2 ettin skeletons
  17 slime creatures
  2 shadows (D:12)
  5 wraiths
  2 spriggans (Depths:4)
  A golden eye (Depths:1)
  7 air elementals
  A hog (Shoals:1)
  A yak (shapeshifter) (D:15)
  Grum (D:8)
  A human (D:14)
  A redback (Vaults:3)
  85 yaks
  A basilisk (shapeshifter) (Elf:2)
  A steam dragon (Lair:3)
  12 fire elementals
  6 wyverns
  7 vampire mosquitoes
  4 basilisks
  A warg (Orc:2)
  Menkaure (D:7)
  A redback (shapeshifter) (Depths:4)
  50 nagas
  16 water moccasins
  Duvessa (D:7)
  4 ice beasts
  A glowing shapeshifter skeleton (Vaults:1)
  An elf simulacrum (Vaults:2)
  3 black bears
  32 orc warriors
  5 laughing skulls
  5 ogres
  2 sky beasts (D:7)
  23 wolves
  A boggart (shapeshifter) (D:10)
  10 boggarts
  A crocodile (Sewer)
  21 centaurs
  2 phantoms (D:4)
  A kobold brigand (D:8)
  2 scorpions
  8 bullfrogs
  4 gnoll sergeants
  12 earth elementals
  Dowan (D:7)
  23 killer bees
  6 howler monkeys
  An electric eel (Elf:3)
  3 bombardier beetles
  A human simulacrum (Vaults:1)
  6 orc priests
  3 sleepcaps
  3 gnoll boudas
  6 hounds
  Jessica (D:3)
  7 iguanas
  21 orc wizards
  Terence (D:2)
  33 gnolls
  9 adders
  A river rat (D:5)
  A white imp (D:7)
  An ufetubus (Vaults:1)
  2 dart slugs (D:1)
  2 ribbon worms
  77 orcs
  2 bats
  8 endoplasms
  5 giant cockroaches
  6 goblins
  12 hobgoblins
  3 jackals (Sewer)
  7 quokkas
  9 ball pythons
  4 frilled lizards
  25 kobolds
  3 rats
  3 aspiring fleshes
  2 starspawn tentacles (WizLab)
2175 creatures vanquished.

Vanquished Creatures (collateral kills)
  A vault warden (Vaults:1)
  2 ironbound preservers
  A yaktaur captain (Vaults:1)
  A deep elf high priest (Elf:3)
  A vault guard (Vaults:5)
  A hydra (Lair:5)
  A storm dragon skeleton (WizLab)
  A faun (Shoals:1)
  4 yaks
  A steam dragon (D:6)
  A black bear (D:6)
  A wolf (Lair:1)
  A gnoll sergeant (D:9)
  An orc (Elf:1)
18 creatures vanquished.

Vanquished Creatures (others)
  A tentacled monstrosity (Zot:5)
  Asterion (Snake:2)
  2 eldritch tentacles (WizLab)
  2 draconian knights (Zot:1)
  Erica (D:10)
  5 dancing weapons
  A sixfirhy (D:15)
  A harpy (Shoals:1)
  A faun (Shoals:1)
  A hornet (D:9)
  2 yaks (Lair:5)
  A basilisk (Lair:5)
  A warg (Elf:1)
  An orc warrior (Elf:1)
  2 killer bees (D:9)
  An orc (Elf:1)
  9 ball lightnings (Depths:3)
  6 starspawn tentacles (WizLab)
  4 tentacles (Shoals:3)
43 creatures vanquished.

Grand Total: 2236 creatures vanquished

Notes
Turn   | Place    | Note
-------+----------+-------------------------------------------
     0 | D:1      | Flugkiller the Coglin Chaos Knight began the quest for the
                  | Orb.
     0 | D:1      | Reached XP level 1. HP: 18/18 MP: 1/1
    86 | D:1      | XOM: silly message
   139 | D:1      | Reached XP level 2. HP: 24/24 MP: 2/2
   257 | D:1      | Found a faded altar of an unknown god.
   398 | D:1      | Reached XP level 3. HP: 29/29 MP: 3/3
   422 | D:1      | XOM: silly message
   452 | D:1      | XOM is BORED!
   452 | D:1      | XOM: silly message
   864 | D:2      | Reached XP level 4. HP: 37/37 MP: 4/4
   866 | D:2      | Reached skill level 4 in Fighting
   911 | D:2      | Reached skill level 1 in Dodging
   911 | D:2      | Noticed Terence
   924 | D:2      | Killed Terence
   941 | D:2      | XOM: divination: detect creatures
  1137 | D:2      | XOM: silly message
  1287 | D:3      | Found a runed translucent door.
  1288 | D:3      | Noticed Nebesus's ghost (amateur AtFi)
  1293 | D:3      | XOM: noise
  1319 | D:3      | Noticed Jessica
  1322 | D:3      | Killed Jessica
  1323 | D:3      | Reached XP level 5. HP: 43/43 MP: 5/5
  1869 | D:4      | XOM: divination: detect items
  2055 | D:4      | Reached XP level 6. HP: 44/50 MP: 6/6
  2070 | D:4      | Reached skill level 5 in Fighting
  2075 | D:4      | Reached skill level 5 in Long Blades
  2085 | D:4      | XOM: noise
  2092 | D:4      | Reached XP level 7. HP: 20/56 MP: 7/7
  2218 | D:4      | Identified a scroll of acquirement
  2218 | D:4      | Acquired the +3 Mad Mage's Maulers {Infuse+∞ VampMP -Cast}
  2218 | D:4      | Found the +3 Mad Mage's Maulers {Infuse+∞ VampMP -Cast}
  2278 | D:4      | XOM: confuse monster(s)
  2363 | D:4      | Found a glowing drain.
  2367 | Sewer    | Entered a sewer
  2453 | Sewer    | XOM: 1-stop teleportation journey
  2691 | D:4      | Reached skill level 6 in Fighting
  2697 | D:4      | Reached XP level 8. HP: 64/64 MP: 1/8
  2772 | D:4      | XOM: cloud trail
  2832 | D:4      | XOM: scenery: 1 doors close
  2883 | D:4      | XOM: scenery: summon butterflies
  2943 | D:4      | XOM: scenery: summon butterflies
  3051 | D:5      | Entered Level 5 of the Dungeon
  3051 | D:5      | Found Diabof's General Store.
  3061 | D:5      | Bought a +0 helmet for 54 gold pieces
  3066 | D:5      | XOM: god gift: 3 silver javelins
  3101 | D:5      | XOM: god gift: 4 stones
  3143 | D:5      | XOM: cleaving
  3157 | D:5      | XOM: polymorph ogre -> river rat
  3209 | D:5      | Found Urano's Antique Weapon Shoppe.
  3388 | D:5      | Found Juefoegu's Weapon Boutique.
  3388 | D:5      | You fall into a shaft and drop 1 floor!
  3393 | D:6      | XOM: summons friendly crimson imp
  3404 | D:6      | XOM: cast spell 'Summon Cactus Giant'
  3412 | D:6      | Reached skill level 5 in Dodging
  3423 | D:6      | Reached skill level 7 in Fighting
  3456 | D:6      | Reached XP level 9. HP: 72/72 MP: 0/9
  3469 | D:6      | XOM: silly message
  3472 | D:6      | XOM: potion effect (haste)
  3474 | D:6      | XOM: cast spell 'Olgreb's Toxic Radiance'
  3572 | D:6      | XOM: divination: detect creatures
  3619 | D:5      | XOM: divination: magic mapping
  3622 | D:5      | Reached skill level 8 in Fighting
  3882 | D:5      | Found Zarho's Jewellery Shoppe.
  3961 | D:5      | XOM: potion effect (experience)
  3961 | D:5      | Reached XP level 10. HP: 80/80 MP: 1/10
  4028 | D:5      | XOM: noise
  4363 | D:6      | XOM: potion effect (haste)
  4457 | D:6      | XOM: silly message
  4559 | D:5      | Bought a bone short sword for 224 gold pieces
  4559 | D:5      | Identified the +8 short sword of Muclag {venom, rPois rC+++
                  | rCorr Dex-2} (You bought it in a shop on level 5 of the
                  | Dungeon)
  4589 | D:6      | XOM: silly message
  4637 | D:7      | Noticed Jeremiah
  4651 | D:7      | Noticed Menkaure
  4721 | D:7      | Killed Menkaure
  4786 | D:7      | XOM: summons friendly crimson imp
  4787 | D:7      | XOM: confuse monster(s)
  4789 | D:7      | Killed Jeremiah
  4802 | D:7      | Found a staircase to the Ecumenical Temple.
  4856 | D:7      | Noticed Joseph
  4860 | D:7      | Killed Joseph
  4902 | D:7      | XOM: 1-stop teleportation journey
  4933 | D:7      | Found Cheibriados's Comfort Zone.
  4934 | D:7      | Found a snail-covered altar of Cheibriados.
  4963 | D:7      | Reached skill level 1 in Evocations
  4965 | D:7      | XOM: swap monsters
  5055 | D:7      | Noticed Dowan
  5056 | D:7      | Noticed Duvessa
  5060 | D:7      | Killed Dowan
  5066 | D:7      | Killed Duvessa
  5392 | D:8      | Found a staircase to the Lair.
  5405 | D:8      | Noticed a death yak
  5411 | D:8      | XOM: summons friendly ufetubus
  5421 | D:8      | Killed a death yak
  5422 | D:8      | Reached XP level 11. HP: 87/87 MP: 2/11
  5427 | D:8      | XOM: enchant monster (good)
  5428 | D:8      | XOM: give mutations
  5428 | D:8      | Gained mutation: You are partially covered in iridescent
                  | scales. (AC +2) [Xom's mischief]
  5428 | D:8      | Gained mutation: Your muscles are strong. (Str +4, Int/Dex
                  | -1) [Xom's mischief]
  5428 | D:8      | Gained mutation: You are frail. (-10% HP) [Xom's mischief]
  5428 | D:8      | Gained mutation: Your movements are slightly less
                  | encumbered by armour. (ER -2) [Xom's mischief]
  5464 | D:8      | XOM: silly message
  5469 | D:8      | Found a flagged portal.
  5475 | Bailey   | Entered a bailey
  5480 | Bailey   | Noticed an orc warlord
  5552 | Bailey   | XOM: god gift: book of Battle
  5657 | Bailey   | XOM: give mutations
  5657 | Bailey   | Gained mutation: You occasionally lose the ability to read
                  | scrolls when taking damage. [Xom's mischief]
  5657 | Bailey   | Lost mutation: Your muscles are strong. (Str +4, Int/Dex
                  | -1) [Xom's mischief]
  5657 | Bailey   | Gained mutation: Your muscles are strong. (Str +4, Int/Dex
                  | -1) [Xom's mischief]
  5665 | Bailey   | Found a runed translucent gate.
  5668 | Bailey   | Found a runed translucent gate.
  5670 | Bailey   | Found a runed translucent gate.
  5691 | Bailey   | XOM: noise
  5788 | Bailey   | Reached skill level 10 in Dodging
  5788 | Bailey   | Reached XP level 12. HP: 84/84 MP: 12/12
  5796 | Bailey   | Killed an orc warlord
  5820 | Bailey   | Reached skill level 10 in Fighting
  5820 | Bailey   | Reached XP level 13. HP: 93/93 MP: 6/13
  5872 | D:8      | Reached skill level 5 in Evocations
  5956 | D:8      | XOM: give mutation
  5956 | D:8      | Gained mutation: You expend magic power (3 MP) to
                  | strengthen your wands. [Xom's mischief]
  5999 | D:8      | XOM: noise
  6042 | D:8      | Noticed Grum
  6045 | D:8      | XOM: enchant monster (bad)
  6048 | D:8      | XOM: potion effect (magic)
  6056 | D:8      | Killed Grum
  6262 | D:8      | XOM: silly message
  6521 | D:8      | XOM: divination: detect items
  6684 | D:9      | XOM: potion effect (might)
  6699 | D:9      | XOM: potion effect (invisibility)
  6733 | D:9      | XOM: potion effect (invisibility)
  6734 | D:9      | XOM: potion effect (invisibility)
  6789 | D:9      | XOM: noise
  6796 | D:9      | XOM: potion effect (might)
  6829 | D:9      | Identified the +4 dagger "Efiov" {freeze, rCorr Str+3 Int-5
                  | Stlth+}
  6834 | D:9      | Identified the +0 pair of boots of Light {MP+9 Str+4}
  6852 | D:9      | XOM: potion effect (brilliance)
  6860 | D:9      | XOM: divination: detect items
  6862 | D:9      | XOM: silly message
  6934 | D:9      | Found an iron altar of Okawaru.
  6953 | D:9      | Found a runed translucent gate.
  6953 | D:9      | Found a runed translucent gate.
  6953 | D:9      | Found a runed translucent gate.
  6959 | D:9      | Noticed bmj180's ghost (novice HuCj)
  6975 | D:9      | XOM: noise
  7218 | D:8      | XOM: 7-stop teleportation journey
  7306 | D:10     | Entered Level 10 of the Dungeon
  7323 | D:10     | Noticed Erica
  7335 | D:10     | XOM: scenery: 1 doors close
  7336 | D:10     | Killed Erica
  7336 | D:10     | XOM: divine lightning
  7510 | D:10     | Reached skill level 5 in Armour
  7535 | D:10     | XOM: polymorph yak -> shapeshifter
  7543 | D:10     | XOM: scenery: 1 doors close
  7600 | D:10     | Noticed Fannar
  7607 | D:10     | Killed Fannar
  7909 | D:10     | Identified the +3 leather armour "Ceilinuh" {rElec Str+3
                  | Int-2 Dex+2}
  7926 | D:10     | Found a runed translucent gate.
  7927 | D:10     | Found a runed translucent gate.
  7929 | D:10     | Found a runed translucent gate.
  7930 | D:10     | Noticed Vorhees's ghost (journeyman FoFi)
  7930 | D:10     | Noticed Xtruder99's ghost (journeyman GnFi)
  8034 | D:10     | Identified the ring "Ilusod" {rPois rC+ SInv} (Xom gifted
                  | it to you on level 10 of the Dungeon)
  8034 | D:10     | XOM: god gift: ring "Ilusod" {rPois rC+ SInv}
  8189 | D:11     | XOM: scenery: 1 doors close
  8202 | D:11     | XOM: cast spell 'Disjunction'
  8204 | D:11     | XOM: cast spell 'Olgreb's Toxic Radiance'
  8231 | D:11     | XOM: enchant monster (good)
  8248 | D:11     | Reached skill level 11 in Fighting
  8406 | D:11     | XOM: torment (49/95 hp)
  8413 | D:11     | Reached XP level 14. HP: 55/101 MP: 0/14
  8734 | D:11     | Noticed Harold
  8746 | D:11     | Killed Harold
  8759 | D:11     | XOM: noise
  8762 | D:11     | XOM: scenery: create altars
  8777 | D:11     | XOM: polymorph two-headed ogre -> catoblepas
  9212 | Lair:1   | Entered Level 1 of the Lair of Beasts
  9238 | Lair:1   | Found a shimmering altar of Xom.
  9238 | Lair:1   | Noticed ILmort's ghost (journeyman TrWr)
  9239 | Lair:1   | Found a runed translucent door.
  9267 | Lair:1   | XOM: noise
  9276 | Lair:1   | XOM: summons 1 hostile demon
  9278 | Lair:1   | XOM: confusion
  9281 | Lair:1   | XOM: polymorph white imp -> rust devil
  9301 | Lair:1   | XOM: blink monster(s)
  9308 | Lair:1   | XOM: swap monsters
  9359 | Lair:1   | XOM: summons 4 friendly demons
  9361 | Lair:1   | XOM: blink monster(s)
  9364 | Lair:1   | XOM: noise
  9376 | Lair:1   | Reached skill level 12 in Fighting
  9473 | Lair:1   | XOM: 4-stop teleportation journey
  9479 | Lair:1   | XOM: summons 12 friendly demons
  9564 | Lair:1   | Identified the +10 trident of Proximity {speed, rPois rF-
                  | Dex-5 Stlth+}
  9721 | Lair:1   | XOM: divination: detect creatures
  9749 | Lair:1   | XOM: confusion (+ monsters)
  9981 | Lair:1   | XOM: scenery: create altars
  9988 | Lair:1   | XOM: 8-stop teleportation journey
 10086 | Lair:1   | XOM: give mutations
 10086 | Lair:1   | Gained mutation: Your muscles are very strong. (Str +8,
                  | Int/Dex -2) [Xom's mischief]
 10086 | Lair:1   | Gained mutation: A frigid envelope surrounds you and
                  | freezes all who hurt you. [Xom's mischief]
 10086 | Lair:1   | Lost mutation: Your movements are slightly less encumbered
                  | by armour. (ER -2) [Xom's mischief]
 10086 | Lair:1   | Lost mutation: Your muscles are very strong. (Str +8,
                  | Int/Dex -2) [Xom's mischief]
 10647 | Lair:2   | XOM: scenery: create altars
 10728 | Lair:2   | XOM: give mutations
 10728 | Lair:2   | Gained mutation: You possess an exceptional clarity of
                  | mind. [Xom's grace]
 10728 | Lair:2   | Gained mutation: Your flesh is cold resistant. (rC+) [Xom's
                  | grace]
 10728 | Lair:2   | Gained mutation: Your spells are a little harder to cast,
                  | but a little more powerful. [Xom's grace]
 10847 | Lair:2   | XOM: god gift: +2 long sword of chaos
 10907 | Lair:2   | XOM: divination: detect items
 11248 | Lair:2   | XOM: god gift: 24 gold pieces
 11319 | Lair:3   | Noticed Urug
 11323 | Lair:3   | XOM: potion effect (invisibility)
 11332 | Lair:3   | Killed Urug
 11332 | Lair:3   | XOM: noise
 11335 | Lair:3   | Reached skill level 13 in Fighting
 11476 | Lair:3   | XOM: enchant monster (bad)
 11540 | Lair:3   | Found a staircase to the Snake Pit.
 11763 | Lair:3   | Found a staircase to the Shoals.
 11833 | Lair:3   | XOM: 7-stop teleportation journey
 11850 | Lair:3   | Reached skill level 10 in Armour
 11984 | Lair:3   | XOM: 1-stop teleportation journey
 12258 | Lair:3   | XOM: silly message
 12445 | Lair:3   | XOM: summons 8 hostile demons
 12658 | Lair:4   | XOM: polymorph blink frog -> fire crab
 12666 | Lair:4   | Reached XP level 15. HP: 76/111 MP: 1/15
 12764 | Lair:4   | XOM: give mutations
 12764 | Lair:4   | Gained mutation: You are dopey. (Int -2) [Xom's mischief]
 12764 | Lair:4   | Lost mutation: You occasionally lose the ability to read
                  | scrolls when taking damage. [Xom's mischief]
 12764 | Lair:4   | Lost mutation: Your spells are a little harder to cast, but
                  | a little more powerful. [Xom's mischief]
 12848 | Lair:4   | XOM: fake destruction
 13024 | Lair:4   | Reached skill level 14 in Fighting
 13027 | Lair:4   | Noticed Sonja
 13029 | Lair:4   | Killed Sonja
 13136 | Lair:4   | Noticed Josephine
 13139 | Lair:4   | XOM: butterfly on damage
 13144 | Lair:4   | Killed Josephine
 13194 | Lair:4   | XOM: god gift: 432 gold pieces
 13422 | Lair:4   | XOM: give mutation
 13422 | Lair:4   | Gained mutation: You are mostly covered in iridescent
                  | scales. (AC +4) [Xom's grace]
 13541 | Lair:4   | Found a viscous altar of Jiyva.
 13611 | Lair:4   | XOM: scenery: 1 doors close
 13633 | Lair:4   | XOM is BORED!
 13672 | Lair:5   | XOM: noise
 13672 | Lair:5   | Entered Level 5 of the Lair of Beasts
 13698 | Lair:5   | XOM: god gift: 3 boomerangs
 13723 | Lair:5   | XOM: 4-stop teleportation journey
 13735 | Lair:5   | XOM: enchant monster (good)
 13740 | Lair:5   | XOM: polymorph elephant -> shapeshifter
 13741 | Lair:5   | XOM: polymorph death drake -> shapeshifter
 13743 | Lair:5   | XOM: divine lightning
 13760 | Lair:5   | XOM: enchant monster (good)
 13761 | Lair:5   | XOM: fake destruction
 13775 | Lair:5   | XOM: summons 6 friendly demons
 13844 | Lair:5   | XOM: summons friendly quasit
 13937 | Lair:5   | Found a frozen archway.
 13947 | Lair:5   | XOM: 9-stop teleportation journey
 13994 | Lair:5   | XOM: cleaving
 14000 | Lair:5   | XOM: fog
 14013 | IceCv    | Entered an ice cave
 14034 | IceCv    | XOM: cleaving
 14045 | IceCv    | Reached skill level 10 in Evocations
 14310 | IceCv    | XOM: cast spell 'Leda's Liquefaction'
 14319 | IceCv    | XOM: god gift: staff of cold
 14337 | IceCv    | XOM: chaos cloud
 14341 | IceCv    | XOM: summons 3 friendly demons
 14345 | IceCv    | Reached skill level 15 in Fighting
 14421 | IceCv    | Noticed a frost giant
 14433 | IceCv    | Killed a frost giant
 14433 | IceCv    | XOM: stat loss: -1 Dex (16/17)
 14449 | IceCv    | Reached XP level 16. HP: 91/122 MP: 1/16
 14728 | Lair:5   | XOM: stat loss: -1 Str (16/17)
 14738 | Lair:5   | XOM: destruction
 14740 | Lair:5   | XOM: noise
 14776 | Lair:5   | XOM: potion effect (invisibility)
 14784 | Lair:5   | XOM: divination: magic mapping
 14799 | Lair:5   | XOM: potion effect (invisibility)
 14871 | Lair:5   | XOM: enchant monster (bad)
 15040 | Lair:5   | XOM: summons 3 hostile shadow creatures
 15162 | Lair:5   | XOM: summons 6 friendly demons
 15165 | Lair:5   | XOM: summons friendly quasit
 15171 | Lair:5   | XOM: enchant monster (bad)
 15193 | Lair:5   | XOM: polymorph death yak -> glowing shapeshifter
 15230 | Lair:5   | Reached skill level 16 in Fighting
 15379 | Lair:5   | XOM: confuse monster(s)
 15388 | Lair:5   | XOM: fog
 15490 | Lair:5   | XOM: god gift: 1140 gold pieces
 15501 | Lair:5   | XOM: cleaving
 15598 | Lair:5   | XOM: give mutations
 15598 | Lair:5   | Gained mutation: Your flesh is very cold resistant. (rC++)
                  | [Xom's grace]
 15598 | Lair:5   | Gained mutation: Your movements are slightly less
                  | encumbered by armour. (ER -2) [Xom's grace]
 15598 | Lair:5   | Lost mutation: You are dopey. (Int -2) [Xom's grace]
 15778 | Lair:5   | XOM: scenery: create altars
 16235 | D:12     | Found a staircase to the Orcish Mines.
 16245 | D:12     | XOM: chaos upgrade
 16386 | D:12     | XOM: scenery: summon butterflies
 16478 | D:12     | XOM: summons 6 hostile demons
 16735 | D:13     | XOM: 2-stop teleportation journey
 16740 | D:13     | XOM: potion effect (heal wounds)
 17099 | D:14     | XOM: torment (63/124 hp)
 17195 | D:13     | XOM: torment (52/124 hp)
 17443 | D:14     | Found a transporter.
 17444 | D:14     | Found Omaehi's General Store.
 17564 | D:14     | Found a transporter.
 17906 | D:14     | XOM: draining
 17914 | D:14     | XOM: blink monster(s)
 17926 | D:14     | XOM: swap monsters
 18199 | D:14     | XOM: torment (55/107 hp)
 18377 | D:15     | Entered Level 15 of the Dungeon
 18397 | D:15     | XOM: chaos cloud
 18420 | D:15     | Identified the +8 sling of a Labyrinth {heavy, Dex+5}
 18487 | D:15     | Found a blossoming altar of Fedhas.
 18702 | D:15     | Found a sacrificial altar of Ru.
 18710 | D:15     | XOM: confuse monster(s)
 18711 | D:15     | XOM: summons friendly shadow imp
 18726 | D:15     | XOM: 3-stop teleportation journey
 19109 | D:15     | Reached XP level 17. HP: 131/131 MP: 1/17
 19116 | D:15     | Found a staircase to the Depths.
 19317 | D:15     | XOM: silly message
 19406 | Orc:1    | Entered Level 1 of the Orcish Mines
 19406 | Orc:1    | Found a shimmering altar of Xom.
 19410 | Orc:1    | Noticed Maurice
 19414 | Orc:1    | Killed Maurice
 19460 | Orc:1    | XOM is BORED!
 19460 | Orc:1    | XOM: noise
 19559 | Orc:2    | Entered Level 2 of the Orcish Mines
 19695 | Orc:2    | XOM: enchant monster (good)
 19700 | Orc:2    | XOM: summons friendly ufetubus
 19701 | Orc:2    | XOM: give mutations
 19701 | Orc:2    | Lost mutation: Your flesh is very cold resistant. (rC++)
                  | [Xom's mischief]
 19701 | Orc:2    | Lost mutation: Your muscles are strong. (Str +4, Int/Dex
                  | -1) [Xom's mischief]
 19701 | Orc:2    | Lost mutation: A frigid envelope surrounds you and freezes
                  | all who hurt you. [Xom's mischief]
 19721 | Orc:2    | XOM: enchant monster (good)
 19738 | Orc:2    | Reached skill level 15 in Long Blades
 19868 | Orc:2    | XOM: summons friendly quasit
 19893 | Orc:2    | XOM: blink monster(s)
 20058 | Orc:2    | Found a staircase to the Elven Halls.
 20196 | Orc:2    | XOM: confuse monster(s)
 20205 | Orc:2    | Reached skill level 17 in Fighting
 20270 | Orc:2    | Found Xofeodd's Jewellery Boutique.
 20270 | Orc:2    | Found Xuatonn's Antique Armour Shoppe.
 20272 | Orc:2    | Found Esiewk's Antique Weapon Emporium.
 20274 | Orc:2    | Found Qasaengu's Jewellery Shop.
 20292 | Orc:2    | Bought pearl dragon scales for 2900 gold pieces
 20305 | Orc:2    | Bought a glowing scimitar for 154 gold pieces
 20613 | Snake:1  | Entered Level 1 of the Snake Pit
 20761 | Snake:1  | XOM: 2-stop teleportation journey
 21063 | Snake:1  | XOM: 3-stop teleportation journey
 21127 | Snake:1  | Noticed Agnes
 21128 | Snake:1  | XOM: scenery: summon butterflies
 21135 | Snake:1  | Killed Agnes
 21203 | Snake:1  | XOM: give mutations
 21203 | Snake:1  | Lost mutation: You expend magic power (3 MP) to strengthen
                  | your wands. [Xom's mischief]
 21203 | Snake:1  | Lost mutation: Your movements are slightly less encumbered
                  | by armour. (ER -2) [Xom's mischief]
 21203 | Snake:1  | Gained mutation: You are dopey. (Int -2) [Xom's mischief]
 21833 | Snake:2  | XOM: cast spell 'Summon Mana Viper'
 21912 | Snake:2  | Noticed Donald
 21935 | Snake:2  | Noticed Jorgrun
 21936 | Snake:2  | XOM: enchant monster (good)
 21941 | Snake:2  | XOM: scenery: create altars
 21952 | Snake:2  | XOM: 2-stop teleportation journey
 21956 | Snake:2  | XOM: 7-stop teleportation journey
 22031 | Snake:1  | XOM: fog
 22326 | Shoals:1 | Entered Level 1 of the Shoals
 22327 | Shoals:1 | XOM: potion effect (attraction)
 22337 | Shoals:1 | Noticed Kirke
 22342 | Shoals:1 | Killed Kirke
 22559 | Shoals:1 | XOM: scenery: summon butterflies
 22563 | Shoals:1 | XOM: enchant monster (bad)
 22566 | Shoals:1 | XOM: enchant monster (good)
 22780 | Shoals:1 | XOM: 2-stop teleportation journey
 22926 | Shoals:1 | XOM: confuse monster(s)
 22927 | Shoals:1 | XOM: cast spell 'Metabolic Englaciation'
 22987 | Shoals:1 | XOM: give mutations
 22987 | Shoals:1 | Gained mutation: You are agile. (Dex +4, Str/Int -1) [Xom's
                  | grace]
 22987 | Shoals:1 | Gained mutation: You have a beak for a mouth. [Xom's grace]
 22987 | Shoals:1 | Gained mutation: You are completely covered in iridescent
                  | scales. (AC +6) [Xom's grace]
 22987 | Shoals:1 | Gained mutation: You passively dampen the noise of your
                  | surroundings. [Xom's grace]
 23484 | Shoals:2 | XOM: fog
 23573 | Shoals:1 | XOM: give mutations
 23573 | Shoals:1 | Gained mutation: You have supernaturally acute eyesight.
                  | (SInv) [Xom's grace]
 23573 | Shoals:1 | Gained mutation: You expend magic power (3 MP) to
                  | strengthen your wands. [Xom's grace]
 23576 | Shoals:2 | XOM: destruction
 23577 | Shoals:2 | XOM: smoke on damage
 23658 | Shoals:2 | Found Quagorch's One-of-a-Kind Rings.
 23757 | Shoals:2 | XOM: stat loss: -1 Dex (21/22)
 23854 | Shoals:2 | XOM: scenery: create altars
 24007 | Shoals:3 | XOM: summons friendly iron imp
 24132 | Shoals:3 | XOM: summons 9 hostile demons
 24141 | Shoals:2 | XOM: silly message
 24242 | Shoals:3 | XOM: potion effect (berserk rage)
 24251 | Shoals:2 | XOM: noise
 24447 | Shoals:2 | XOM: blink monster(s)
 24499 | Shoals:2 | XOM: stat loss: -1 Dex (21/22)
 24699 | Shoals:3 | XOM: 1-stop teleportation journey
 24701 | Shoals:3 | XOM: divination: magic mapping
 24712 | Shoals:3 | XOM: divination: detect items
 24717 | Shoals:3 | Reached skill level 15 in Armour
 24720 | Shoals:3 | XOM: noise
 24724 | Shoals:3 | Reached XP level 18. HP: 115/140 MP: 0/18
 24756 | Shoals:3 | Reached skill level 18 in Fighting
 24803 | Shoals:3 | XOM: silly message
 24910 | Shoals:3 | XOM: silly message
 24945 | Shoals:3 | XOM: polymorph merfolk avatar -> dire elephant
 24946 | Shoals:3 | XOM: summons 1 hostile demon
 24949 | Shoals:3 | XOM: give mutations
 24949 | Shoals:3 | Gained mutation: You are very agile. (Dex +8, Str/Int -2)
                  | [Xom's grace]
 24949 | Shoals:3 | Gained mutation: Your spells are a little harder to cast,
                  | but a little more powerful. [Xom's grace]
 24949 | Shoals:3 | Gained mutation: Your flesh is very cold resistant. (rC++)
                  | [Xom's grace]
 25019 | Shoals:3 | XOM: swap monsters
 25073 | Shoals:3 | XOM: give mutations
 25073 | Shoals:3 | Lost mutation: You possess an exceptional clarity of mind.
                  | [Xom's mischief]
 25073 | Shoals:3 | Lost mutation: Your flesh is very cold resistant. (rC++)
                  | [Xom's mischief]
 25140 | Shoals:3 | XOM: summons 1 hostile demon
 25363 | Shoals:3 | Noticed Nikola
 25366 | Shoals:3 | XOM: noise
 25367 | Shoals:3 | XOM: swap monsters
 25371 | Shoals:3 | XOM: give mutations
 25371 | Shoals:3 | Lost mutation: You are completely covered in iridescent
                  | scales. (AC +6) [Xom's mischief]
 25371 | Shoals:3 | Lost mutation: You expend magic power (3 MP) to strengthen
                  | your wands. [Xom's mischief]
 25371 | Shoals:3 | Gained mutation: You possess an exceptional clarity of
                  | mind. [Xom's mischief]
 25375 | Shoals:3 | Killed Nikola
 25465 | Shoals:3 | XOM: 1-stop teleportation journey
 25595 | Shoals:3 | XOM: polymorph kraken -> shadow dragon
 25734 | Shoals:3 | XOM: blink monster(s)
 25837 | Shoals:3 | Acquired 439 gold pieces
 25854 | Shoals:4 | Entered Level 4 of the Shoals
 26081 | D:12     | XOM: summons 3 hostile demons
 26583 | Shoals:4 | an apis changed into a pearl dragon
 26583 | Shoals:4 | Noticed a pearl dragon
 26583 | Shoals:4 | XOM: polymorph apis -> pearl dragon
 26589 | Shoals:4 | Killed a pearl dragon
 27201 | Shoals:4 | Found a glowing silver altar of Zin.
 27349 | Shoals:4 | XOM: repel stairs
 27442 | Shoals:4 | XOM: swap monsters
 27458 | Shoals:4 | Identified the +4 ring mail of the Vacuum {rF+ rN+ Slay-2
                  | Stlth+}
 27509 | Shoals:4 | XOM: give mutations
 27509 | Shoals:4 | Lost mutation: You possess an exceptional clarity of mind.
                  | [Xom's mischief]
 27509 | Shoals:4 | Lost mutation: You are very agile. (Dex +8, Str/Int -2)
                  | [Xom's mischief]
 27509 | Shoals:4 | Gained mutation: You expend magic power (3 MP) to
                  | strengthen your wands. [Xom's mischief]
 27665 | Shoals:4 | Found a white marble altar of Elyvilon.
 27697 | Shoals:4 | XOM: swap monsters
 27698 | Shoals:4 | XOM: noise
 27822 | Shoals:4 | XOM: blink monster(s)
 27953 | Shoals:4 | XOM: silly message
 28022 | Shoals:4 | Got a barnacled rune of Zot
 28193 | Shoals:4 | Found a glowing golden altar of the Shining One.
 28254 | Shoals:4 | XOM: scenery: summon butterflies
 28426 | Shoals:4 | XOM: god gift: box of beasts
 28433 | Shoals:4 | Got the Incunabulum of the Horrible Pyre
 28735 | D:11     | XOM: give mutations
 28735 | D:11     | Gained mutation: You have a somewhat thin skeletal
                  | structure. (Dex +2, Stealth+) [Xom's grace]
 28735 | D:11     | Gained mutation: You are somewhat resistant to further
                  | mutation. [Xom's grace]
 28735 | D:11     | Gained mutation: Your flesh is very cold resistant. (rC++)
                  | [Xom's grace]
 28769 | D:13     | XOM is BORED!
 28820 | D:14     | XOM: confusion
 28825 | D:14     | XOM: blink monster(s)
 28853 | D:14     | XOM: cast spell 'Metabolic Englaciation'
 28857 | D:14     | XOM: confuse monster(s)
 28891 | D:14     | Found a gate to the Vaults.
 28895 | D:14     | Reached skill level 15 in Dodging
 28903 | D:14     | Reached XP level 19. HP: 125/148 MP: 0/19
 29152 | Vaults:1 | Entered Level 1 of the Vaults
 29190 | Vaults:1 | XOM: polymorph red ugly thing -> purple ugly thing
 29326 | Vaults:1 | Reached skill level 19 in Fighting
 29381 | Vaults:1 | XOM: cast spell 'Summon Hydra'
 29440 | Vaults:1 | XOM: give mutations
 29440 | Vaults:1 | Lost mutation: You are mostly covered in iridescent scales.
                  | (AC +4) [Xom's mischief]
 29440 | Vaults:1 | Lost mutation: You are agile. (Dex +4, Str/Int -1) [Xom's
                  | mischief]
 29505 | Vaults:1 | XOM: swap monsters
 29627 | Vaults:1 | XOM: stat loss: -1 Int (10/11)
 29771 | Vaults:1 | Identified the +0 robe "Ezxuiw Vakh" {Will+ Str+3 SInv
                  | Archmagi}
 29796 | Vaults:1 | Found a radiant altar of Vehumet.
 29917 | Vaults:1 | Found the +2 hood of the Assassin {Detect Stab+ Stlth++}
 30239 | Vaults:1 | XOM: chaos cloud
 30248 | Vaults:1 | XOM: summons friendly quasit
 30316 | Vaults:1 | XOM: enchant monster (bad)
 30393 | Vaults:1 | XOM: cloud trail
 30445 | Vaults:1 | XOM: scenery: 2 doors open, 1 doors close
 30486 | Vaults:1 | Reached skill level 20 in Fighting
 30496 | Vaults:1 | Reached skill level 1 in Short Blades
 30502 | Vaults:1 | XOM: confusion
 30647 | Vaults:1 | XOM: confusion
 30649 | Vaults:1 | XOM: confusion
 30652 | Vaults:1 | XOM: confusion (+ monsters)
 30664 | Vaults:1 | XOM: polymorph ironbound preserver -> minotaur
 30756 | Vaults:1 | Found Oqaacseu's Armour Boutique.
 30757 | Vaults:1 | XOM: summons friendly crimson imp
 30891 | Vaults:1 | Found Cezuwut's Armour Boutique.
 30895 | Vaults:1 | XOM: confusion
 30896 | Vaults:1 | XOM: chaos upgrade
 30896 | Vaults:1 | Paralysed by a yaktaur for 1 turns
 30898 | Vaults:1 | XOM: chaos upgrade
 30920 | Vaults:1 | Found Posi's Distillery.
 30930 | Vaults:1 | Bought a potion of curing for 63 gold pieces
 30930 | Vaults:1 | Bought a potion of curing for 63 gold pieces
 30935 | Vaults:1 | Found Weated's Armour Shop.
 30969 | Vaults:1 | Found Tuwiuv's Magic Scroll Shoppe.
 31000 | Vaults:1 | Found Jeaptyji's Magic Scroll Emporium.
 31052 | Vaults:1 | Bought a scroll of identify for 26 gold pieces
 31286 | Vaults:2 | XOM: noise
 31376 | Vaults:2 | Reached skill level 5 in Short Blades
 31409 | Vaults:2 | XOM: summons 10 hostile demons
 31452 | Vaults:2 | XOM: confusion
 31455 | Vaults:2 | XOM: confusion
 31458 | Vaults:2 | Paralysed by a sphinx for 3 turns
 31593 | Vaults:2 | XOM: silly message
 31907 | Vaults:2 | XOM: chaos cloud
 31908 | Vaults:2 | XOM: confusion (+ monsters)
 32121 | Vaults:2 | Reached XP level 20. HP: 132/158 MP: 3/20
 32135 | Vaults:2 | XOM: silly message
 32135 | Vaults:2 | XOM: smoke on damage
 32138 | Vaults:2 | XOM: destruction
 32333 | Vaults:2 | XOM: summons 11 hostile demons
 32334 | Vaults:2 | XOM: torment (88/158 hp)
 32430 | Vaults:2 | XOM: summons 1 hostile demon
 32487 | Vaults:2 | XOM: summons friendly quasit
 32508 | Vaults:2 | Got Ivelic's Catalogue of Transformation
 32789 | Vaults:3 | XOM: scenery: 2 doors close
 33009 | Vaults:3 | XOM: god gift: chain mail {god gift}
 33024 | Vaults:3 | Found a magical portal.
 33037 | WizLab   | Entered The Roulette of Golubria
 33037 | WizLab   | Found a transporter.
 33100 | WizLab   | Found a corrupted altar of Lugonu.
 33229 | WizLab   | Found a transporter.
 33250 | WizLab   | Found a corrupted altar of Lugonu.
 33258 | WizLab   | Found a transporter.
 33349 | WizLab   | Found a corrupted altar of Lugonu.
 33359 | WizLab   | Found a corrupted altar of Lugonu.
 33376 | WizLab   | Found a transporter.
 33376 | WizLab   | XOM: 3-stop teleportation journey
 33381 | WizLab   | Found a transporter.
 33388 | WizLab   | Found a corrupted altar of Lugonu.
 33432 | WizLab   | Found a transporter.
 33432 | WizLab   | Found a transporter.
 33490 | WizLab   | Found a transporter.
 33490 | WizLab   | Found a corrupted altar of Lugonu.
 33665 | WizLab   | Found a transporter.
 33668 | WizLab   | XOM: cast spell 'Malign Gateway'
 33684 | WizLab   | Found a transporter.
 33684 | WizLab   | Found a transporter.
 33809 | WizLab   | Reached skill level 10 in Short Blades
 33809 | WizLab   | XOM: destruction
 33840 | WizLab   | XOM: summons 8 friendly demons
 33853 | WizLab   | Got Bureic's Encyclopedia of Superposition
 33855 | WizLab   | Got the Cyclopedia of Coordinates
 33866 | WizLab   | Identified the +0 cloak of the Nightingale {rC+ Will++
                  | Dex-2 SInv}
 33875 | WizLab   | Identified the +2 cloak "Diat Tuli" {*Corrode rPois rC+
                  | Dex+2}
 33915 | WizLab   | Found a transporter.
 33915 | WizLab   | Found a transporter.
 34046 | WizLab   | Found a transporter.
 34046 | WizLab   | Found a transporter.
 34169 | WizLab   | Found a transporter.
 34202 | WizLab   | XOM: give mutation
 34202 | WizLab   | Gained mutation: Your flesh is heat resistant. (rF+) [Xom's
                  | grace]
 34216 | WizLab   | Found a transporter.
 34216 | WizLab   | Found a transporter.
 34453 | WizLab   | Found a corrupted altar of Lugonu.
 34462 | WizLab   | Found a transporter.
 34469 | WizLab   | XOM: fog
 34472 | WizLab   | XOM: polymorph vault sentinel -> centaur
 34631 | Vaults:3 | XOM: god gift: staff of death
 34742 | Vaults:3 | XOM: confuse monster(s)
 34758 | Vaults:3 | Identified the +3 scimitar of Zeinet {flame, rElec rC+
                  | Dex+2}
 34922 | Vaults:3 | XOM: swap monsters
 35023 | Vaults:3 | Found a staircase to the Crypt.
 35187 | Vaults:3 | XOM: noise
 35222 | Vaults:3 | XOM: divination: magic mapping
 35373 | Vaults:3 | XOM: god gift: book of Dangerous Friends
 35569 | Vaults:3 | XOM: enchant monster (good)
 35575 | Vaults:3 | XOM: enchant monster (bad)
 35847 | Elf:1    | Entered Level 1 of the Elven Halls
 35854 | Elf:1    | XOM: summons friendly crimson imp
 35856 | Elf:1    | Found a huge runed translucent gate.
 35856 | Elf:1    | Found a huge runed translucent gate.
 35856 | Elf:1    | Found a huge runed translucent gate.
 35856 | Elf:1    | Found a huge runed translucent gate.
 35856 | Elf:1    | Found a huge runed translucent gate.
 35856 | Elf:1    | Found a huge runed translucent gate.
 35856 | Elf:1    | Found a huge runed translucent gate.
 35856 | Elf:1    | Found a huge runed translucent gate.
 35856 | Elf:1    | Found a huge runed translucent gate.
 35856 | Elf:1    | Found a huge runed translucent gate.
 35856 | Elf:1    | Found a huge runed translucent gate.
 35856 | Elf:1    | Found a huge runed translucent gate.
 35856 | Elf:1    | Found a huge runed translucent gate.
 35856 | Elf:1    | Found a huge runed translucent gate.
 35856 | Elf:1    | Found a huge runed translucent gate.
 35856 | Elf:1    | Found a huge runed translucent gate.
 35856 | Elf:1    | Found a huge runed translucent gate.
 35856 | Elf:1    | Found a huge runed translucent gate.
 35856 | Elf:1    | Found a huge runed translucent gate.
 35856 | Elf:1    | Found Anketomo's Jewellery Shop.
 35856 | Elf:1    | XOM: 8-stop teleportation journey
 35868 | Elf:1    | Reached XP level 21. HP: 134/164 MP: 0/21
 36044 | Elf:1    | XOM: enchant monster (good)
 36045 | Elf:1    | XOM: confusion
 36173 | Elf:1    | XOM: 2-stop teleportation journey
 36212 | Elf:1    | Found a huge runed translucent gate.
 36264 | Elf:1    | Found Kuesch's Weapon Boutique.
 36285 | Elf:1    | XOM: confusion
 36356 | Elf:1    | XOM: chaos upgrade
 37071 | Elf:1    | XOM: summons 11 hostile demons
 37135 | Elf:1    | XOM: noise
 37446 | Elf:1    | Identified the +0 war axe of the Kissing Seeker {venom,
                  | ^Drain Fly SInv}
 37458 | Elf:1    | Identified the +9 long sword of Dismemberment {pain, rF-
                  | Str+5}
 37671 | Elf:1    | XOM: summons 11 hostile demons
 37688 | Elf:1    | XOM: give mutations
 37688 | Elf:1    | Lost mutation: You expend magic power (3 MP) to strengthen
                  | your wands. [Xom's mischief]
 37688 | Elf:1    | Lost mutation: You are somewhat resistant to further
                  | mutation. [Xom's mischief]
 37851 | Elf:2    | Found a runed translucent gate.
 37851 | Elf:2    | Found a runed translucent gate.
 37852 | Elf:2    | Found a runed translucent gate.
 38021 | Elf:2    | XOM: chaos upgrade
 38060 | Elf:2    | Found Cosewk's Armour Shoppe.
 38186 | Elf:2    | Bought a +2 cloak of willpower for 279 gold pieces
 38278 | Elf:2    | XOM: summons 3 hostile shadow creatures
 38572 | Elf:2    | XOM: confusion (+ monsters)
 38725 | Elf:2    | XOM: divination: magic mapping
 38729 | Elf:2    | XOM: cast spell 'Iskenderun's Battlesphere'
 38924 | Elf:2    | XOM: give mutation
 38924 | Elf:2    | Lost mutation: You have supernaturally acute eyesight.
                  | (SInv) [Xom's mischief]
 39027 | Elf:2    | XOM: give mutations
 39027 | Elf:2    | Lost mutation: Your spells are a little harder to cast, but
                  | a little more powerful. [Xom's mischief]
 39027 | Elf:2    | Lost mutation: You are dopey. (Int -2) [Xom's mischief]
 39148 | D:12     | XOM: give mutation
 39148 | D:12     | Lost mutation: You have a beak for a mouth. [Xom's
                  | mischief]
 39350 | Vaults:4 | Identified the +5 shortbow of Discretion {antimagic, rF+
                  | rC+ Int-5}
 39793 | Vaults:4 | XOM: cleaving
 39803 | Vaults:4 | XOM: god gift: 601 gold pieces
 39882 | Vaults:4 | XOM: fake destruction
 39883 | Vaults:4 | XOM: noise
 39912 | Vaults:4 | XOM: swap monsters
 40106 | Vaults:4 | XOM: summons 4 hostile demons
 40271 | D:15     | XOM: give mutations
 40271 | D:15     | Lost mutation: You are partially covered in iridescent
                  | scales. (AC +2) [Xom's mischief]
 40271 | D:15     | Gained mutation: Your spells are a little easier to cast,
                  | but a little less powerful. [Xom's mischief]
 40283 | Depths:1 | Entered Level 1 of the Depths
 40313 | Depths:1 | XOM: polymorph stone giant -> quicksilver dragon
 40386 | Depths:1 | Reached XP level 22. HP: 171/171 MP: 2/22
 40404 | Depths:1 | XOM: fog
 40452 | Depths:1 | XOM: polymorph necromancer -> golden eye
 40472 | Depths:1 | XOM: summons friendly shadow imp
 40473 | Depths:1 | XOM: smoke on damage
 40504 | Depths:1 | XOM: enchant monster (good)
 40514 | Depths:1 | XOM: potion effect (attraction)
 40522 | Depths:1 | XOM: cast spell 'Discord'
 40830 | Depths:1 | Got the Parchment of Nightshade
 40887 | Depths:1 | Found Natenuit's Assorted Antiques.
 40898 | Depths:1 | Found a bloodstained altar of Trog.
 40904 | Depths:1 | Found a gateway to Hell.
 41361 | Depths:1 | XOM: 2-stop teleportation journey
 41365 | Depths:1 | XOM: give mutation
 41365 | Depths:1 | Gained mutation: You have hidden genetic defects. [Xom's
                  | mischief]
 41544 | Depths:1 | XOM: give mutation
 41544 | Depths:1 | Gained mutation: You have supernaturally acute eyesight.
                  | (SInv) [Xom's grace]
 41604 | Depths:1 | Lost mutation: You passively dampen the noise of your
                  | surroundings. [potion of mutation]
 41604 | Depths:1 | Lost mutation: Your flesh is very cold resistant. (rC++)
                  | [potion of mutation]
 41604 | Depths:1 | Lost mutation: You have supernaturally acute eyesight.
                  | (SInv) [potion of mutation]
 41604 | Depths:1 | Lost mutation: You have a somewhat thin skeletal structure.
                  | (Dex +2, Stealth+) [potion of mutation]
 41605 | Depths:1 | Lost mutation: Your flesh is cold resistant. (rC+) [potion
                  | of mutation]
 41605 | Depths:1 | Lost mutation: You have hidden genetic defects. [potion of
                  | mutation]
 41605 | Depths:1 | Lost mutation: You are frail. (-10% HP) [potion of
                  | mutation]
 41605 | Depths:1 | Gained mutation: You have a pair of small horns on your
                  | head. [potion of mutation]
 41605 | Depths:1 | Gained mutation: You are agile. (Dex +4, Str/Int -1)
                  | [potion of mutation]
 41605 | Depths:1 | Gained mutation: Your flesh is cold resistant. (rC+)
                  | [potion of mutation]
 41752 | Depths:2 | Noticed Norris
 41930 | Depths:2 | Reached skill level 21 in Fighting
 42184 | Depths:2 | Killed Norris
 42204 | Depths:2 | XOM: stat loss: -1 Int (12/13)
 42252 | Depths:2 | Found Sipt's Antique Weapon Emporium.
 42407 | Depths:2 | XOM: 1-stop teleportation journey
 42485 | Depths:2 | XOM: noise
 42514 | Depths:2 | Found a one-way gate to the infinite horrors of the Abyss.
 42530 | Depths:2 | XOM: polymorph blizzard demon -> reaper
 42551 | Depths:2 | Found a one-way gate leading to the halls of Pandemonium.
 43013 | Depths:3 | Paralysed by an air elemental for 1 turns
 43062 | Depths:3 | XOM: chaos cloud
 43258 | Depths:2 | Noticed a caustic shrike
 43261 | Depths:2 | XOM: give mutations
 43261 | Depths:2 | Gained mutation: You have a somewhat thin skeletal
                  | structure. (Dex +2, Stealth+) [Xom's mischief]
 43261 | Depths:2 | Lost mutation: You have a pair of small horns on your head.
                  | [Xom's mischief]
 43261 | Depths:2 | Gained mutation: You possess an exceptional clarity of
                  | mind. [Xom's mischief]
 43264 | Depths:2 | Killed a caustic shrike
 43265 | Depths:2 | Reached skill level 22 in Fighting
 43270 | Depths:2 | XOM: give mutations
 43270 | Depths:2 | Lost mutation: Your flesh is heat resistant. (rF+) [Xom's
                  | mischief]
 43270 | Depths:2 | Lost mutation: You are agile. (Dex +4, Str/Int -1) [Xom's
                  | mischief]
 43270 | Depths:2 | Gained mutation: Armour fits poorly on your strangely
                  | shaped body. [Xom's mischief]
 43273 | Depths:2 | XOM: summons friendly iron imp
 43395 | Depths:3 | XOM: divination: detect items
 43762 | Depths:3 | XOM: chaos upgrade
 43771 | Depths:3 | XOM: enchant monster (bad)
 43805 | Depths:3 | Paralysed by a formless jellyfish for 1 turns
 43807 | Depths:3 | XOM: summons friendly white imp
 43808 | Depths:3 | XOM: summons 1 friendly demon
 43810 | Depths:3 | Paralysed by a formless jellyfish for 1 turns
 43812 | Depths:3 | XOM: polymorph white imp -> ufetubus
 43814 | Depths:3 | XOM: enchant monster (bad)
 44089 | Depths:3 | Identified the +5 hand axe of Eternal Vigilance {antimagic,
                  | rPois rCorr}
 44089 | Depths:3 | XOM: 2-stop teleportation journey
 44092 | Depths:3 | XOM: scenery: create altars
 44349 | Depths:3 | Reached skill level 23 in Fighting
 44445 | Depths:3 | Identified the +11 hand axe of Indomitability {protect,
                  | rPois rF+ MP+9}
 44460 | Depths:3 | Reached XP level 23. HP: 187/206 MP: 1/23
 44578 | Depths:3 | Identified the +1 plate armour of Music {rC+ rCorr Slay-5
                  | Stlth+}
 44661 | Depths:3 | XOM: summons 2 friendly demons
 44776 | Depths:3 | Gained mutation: You occasionally lose the ability to drink
                  | potions when taking damage. [a neqoxec]
 44781 | Depths:3 | XOM: potion effect (brilliance)
 44799 | Depths:3 | XOM: destruction
 44882 | Depths:3 | Got the Grimoire of Twisted Obstruction
 45004 | Depths:3 | XOM: enchant monster (good)
 45068 | Depths:3 | XOM: cloud trail
 45140 | Depths:3 | XOM: give mutations
 45140 | Depths:3 | Gained mutation: A frigid envelope surrounds you and
                  | freezes all who hurt you. [Xom's grace]
 45140 | Depths:3 | Gained mutation: You are robust. (+10% HP) [Xom's grace]
 45140 | Depths:3 | Gained mutation: You are agile. (Dex +4, Str/Int -1) [Xom's
                  | grace]
 45718 | Snake:2  | XOM: scenery: summon butterflies
 45727 | Snake:2  | XOM: fog
 45747 | Snake:2  | Killed Donald
 45876 | Snake:1  | XOM: scenery: create altars
 45982 | Snake:1  | XOM: summons friendly ufetubus
 46391 | Snake:1  | Killed Jorgrun
 46521 | Snake:2  | XOM: scenery: create altars
 46769 | Snake:2  | Noticed vcxz's ghost (adept NaWn)
 46774 | Snake:2  | Noticed Asterion
 46784 | Snake:2  | Killed Asterion
 46784 | Snake:2  | XOM: divine lightning
 46800 | Snake:2  | Reached skill level 24 in Fighting
 46948 | Snake:2  | XOM: 3-stop teleportation journey
 47090 | Snake:2  | Found a transporter.
 47108 | Snake:2  | Found a transporter.
 47282 | Snake:3  | XOM: cast spell 'Monstrous Menagerie'
 47302 | Snake:3  | XOM: confuse monster(s)
 47428 | Snake:3  | XOM: divination: detect items
 47619 | Snake:3  | Found Neczeimm's Assorted Antiques.
 47755 | Snake:3  | XOM: 3-stop teleportation journey
 47756 | Snake:3  | XOM: give mutations
 47756 | Snake:3  | Lost mutation: Your spells are a little easier to cast, but
                  | a little less powerful. [Xom's mischief]
 47756 | Snake:3  | Lost mutation: Your flesh is cold resistant. (rC+) [Xom's
                  | mischief]
 47756 | Snake:3  | Lost mutation: You have a somewhat thin skeletal structure.
                  | (Dex +2, Stealth+) [Xom's mischief]
 47831 | Snake:3  | XOM: noise
 47944 | Snake:4  | Entered Level 4 of the Snake Pit
 48104 | Snake:3  | XOM: enchant monster (bad)
 48229 | Snake:4  | Noticed Vashnia
 48229 | Snake:4  | XOM: chaos upgrade
 48305 | Snake:3  | XOM: give mutations
 48305 | Snake:3  | Gained mutation: You have a somewhat thin skeletal
                  | structure. (Dex +2, Stealth+) [Xom's mischief]
 48305 | Snake:3  | Lost mutation: You have a somewhat thin skeletal structure.
                  | (Dex +2, Stealth+) [Xom's mischief]
 48305 | Snake:3  | Gained mutation: Your body sometimes deteriorates upon
                  | taking damage. [Xom's mischief]
 48321 | Snake:3  | Lost mutation: Your body sometimes deteriorates upon taking
                  | damage. [potion of mutation]
 48321 | Snake:3  | Lost mutation: You are robust. (+10% HP) [potion of
                  | mutation]
 48321 | Snake:3  | Gained mutation: You expend magic power (3 MP) to
                  | strengthen your wands. [potion of mutation]
 48321 | Snake:3  | Gained mutation: You have a pair of small antennae on your
                  | head. [potion of mutation]
 48322 | Snake:3  | Lost mutation: You possess an exceptional clarity of mind.
                  | [potion of mutation]
 48322 | Snake:3  | Lost mutation: You have a pair of small antennae on your
                  | head. [potion of mutation]
 48322 | Snake:3  | Gained mutation: Your spells are a little harder to cast,
                  | but a little more powerful. [potion of mutation]
 48322 | Snake:3  | Gained mutation: Your flesh is heat resistant. (rF+)
                  | [potion of mutation]
 48323 | Snake:3  | Lost mutation: You are agile. (Dex +4, Str/Int -1) [potion
                  | of mutation]
 48323 | Snake:3  | Lost mutation: Armour fits poorly on your strangely shaped
                  | body. [potion of mutation]
 48323 | Snake:3  | Lost mutation: A frigid envelope surrounds you and freezes
                  | all who hurt you. [potion of mutation]
 48323 | Snake:3  | Gained mutation: You occasionally shout uncontrollably at
                  | your foes. [potion of mutation]
 48323 | Snake:3  | Gained mutation: You are partially covered in iridescent
                  | scales. (AC +2) [potion of mutation]
 48323 | Snake:3  | Gained mutation: Your muscles are strong. (Str +4, Int/Dex
                  | -1) [potion of mutation]
 48910 | Snake:4  | XOM: stat loss: -1 Int (12/13)
 49143 | Snake:3  | XOM: summons 2 hostile demons
 49190 | Snake:3  | XOM: give mutations
 49190 | Snake:3  | Gained mutation: Your body sometimes deteriorates upon
                  | taking damage. [Xom's mischief]
 49190 | Snake:3  | Lost mutation: You occasionally lose the ability to drink
                  | potions when taking damage. [Xom's mischief]
 49190 | Snake:3  | Lost mutation: Your flesh is heat resistant. (rF+) [Xom's
                  | mischief]
 49190 | Snake:3  | Lost mutation: You expend magic power (3 MP) to strengthen
                  | your wands. [Xom's mischief]
 49335 | Snake:4  | XOM: silly message
 49343 | Snake:4  | Reached skill level 15 in Evocations
 49346 | Snake:4  | XOM: chaos upgrade
 49475 | Snake:4  | XOM: confusion
 49492 | Snake:4  | XOM: polymorph naga -> harpy
 49497 | Snake:4  | Killed Vashnia
 49533 | Snake:4  | XOM: chaos cloud
 49761 | Snake:4  | XOM: confusion
 49941 | Snake:4  | XOM: 5-stop teleportation journey
 49954 | Snake:4  | XOM: stat loss: -1 Int (12/13)
 50101 | Snake:4  | XOM: chaos upgrade
 50276 | Snake:4  | Got a serpentine rune of Zot
 50975 | Elf:3    | Entered Level 3 of the Elven Halls
 50994 | Elf:3    | XOM: smoke on damage
 51295 | Elf:3    | XOM: give mutations
 51295 | Elf:3    | Lost mutation: Your body sometimes deteriorates upon taking
                  | damage. [Xom's mischief]
 51295 | Elf:3    | Lost mutation: Your muscles are strong. (Str +4, Int/Dex
                  | -1) [Xom's mischief]
 51295 | Elf:3    | Gained mutation: You are occasionally teleported next to
                  | monsters. [Xom's mischief]
 51299 | Elf:3    | XOM: god gift: halberd {god gift}
 51332 | Elf:3    | XOM: confusion (+ monsters)
 51360 | Elf:2    | Lost mutation: Your spells are a little harder to cast, but
                  | a little more powerful. [potion of mutation]
 51360 | Elf:2    | Lost mutation: You occasionally shout uncontrollably at
                  | your foes. [potion of mutation]
 51360 | Elf:2    | Gained mutation: You are vulnerable to cold. (rC-) [potion
                  | of mutation]
 51360 | Elf:2    | Gained mutation: You are weak. (Str -2) [potion of
                  | mutation]
 51360 | Elf:2    | Lost mutation: You are weak. (Str -2) [potion of mutation]
 51361 | Elf:2    | Lost mutation: You are vulnerable to cold. (rC-) [potion of
                  | mutation]
 51361 | Elf:2    | Lost mutation: You are partially covered in iridescent
                  | scales. (AC +2) [potion of mutation]
 51361 | Elf:2    | Gained mutation: You are resistant to electric shocks.
                  | (rElec) [potion of mutation]
 51361 | Elf:2    | Gained mutation: Your spells are a little harder to cast,
                  | but a little more powerful. [potion of mutation]
 51361 | Elf:2    | Gained mutation: Your muscles are strong. (Str +4, Int/Dex
                  | -1) [potion of mutation]
 51362 | Elf:2    | Lost mutation: Your muscles are strong. (Str +4, Int/Dex
                  | -1) [potion of mutation]
 51362 | Elf:2    | Lost mutation: You are resistant to electric shocks.
                  | (rElec) [potion of mutation]
 51362 | Elf:2    | Lost mutation: Your spells are a little harder to cast, but
                  | a little more powerful. [potion of mutation]
 51363 | Elf:2    | Lost mutation: You are occasionally teleported next to
                  | monsters. [potion of mutation]
 51363 | Elf:2    | Gained mutation: Your natural rate of healing is unusually
                  | fast. [potion of mutation]
 51363 | Elf:2    | Gained mutation: Your system is resistant to poisons.
                  | (rPois) [potion of mutation]
 51909 | Elf:3    | Reached XP level 24. HP: 182/217 MP: 1/23
 51974 | Elf:3    | XOM: confusion (+ monsters)
 51975 | Elf:3    | Identified the +6 scimitar "Wien" {freeze, Dex+6}
 51976 | Elf:3    | XOM: give mutations
 51976 | Elf:3    | Gained mutation: Your mind is acute. (Int +4, Str/Dex -1)
                  | [Xom's grace]
 51976 | Elf:3    | Gained mutation: You are somewhat resistant to further
                  | mutation. [Xom's grace]
 52005 | Elf:3    | XOM: cleaving
 52021 | Elf:3    | XOM: chaos upgrade
 52024 | Elf:3    | XOM: scenery: 1 doors open
 52046 | Elf:3    | XOM: confusion
 52051 | Elf:3    | XOM: summons friendly white imp
 52085 | Elf:3    | XOM: polymorph white imp -> crimson imp
 52174 | Elf:3    | Found the +3 greatsling "Punk" {acid, rCorr}
 52298 | Elf:3    | XOM: 3-stop teleportation journey
 52364 | Elf:3    | Identified the +12 orcbow of the Wraith {heavy, rF+ Will-
                  | Dex+3}
 52365 | Elf:3    | Identified the staff "Seczi" {Fly rElec Necro Air}
 52383 | Elf:3    | Identified the +5 flail of Haps {venom, rC+}
 52457 | Elf:3    | XOM: give mutations
 52457 | Elf:3    | Gained mutation: You are partially covered in iridescent
                  | scales. (AC +2) [Xom's grace]
 52457 | Elf:3    | Gained mutation: You are covered in fur. (AC +1) [Xom's
                  | grace]
 52457 | Elf:3    | Gained mutation: You are mostly covered in iridescent
                  | scales. (AC +4) [Xom's grace]
 52457 | Elf:3    | Gained mutation: You are strong-willed. (Will+) [Xom's
                  | grace]
 52463 | Elf:3    | Identified the +0 hat of Satisfaction {rElec rC+ Dex+4}
 52473 | Elf:3    | Identified the ring of Divine Compulsion {+Blink rC+
                  | Slay+2}
 52641 | Elf:3    | XOM: divination: detect creatures
 52762 | Elf:3    | Found Reube's Antique Weapon Boutique.
 53306 | Shoals:2 | Bought a +8 ring of slaying for 3000 gold pieces
 53331 | Shoals:4 | XOM: god gift: 35 gold pieces
 53372 | Shoals:4 | XOM: 3-stop teleportation journey
 53583 | D:9      | XOM: give mutations
 53583 | D:9      | Gained mutation: You are agile. (Dex +4, Str/Int -1) [Xom's
                  | grace]
 53583 | D:9      | Gained mutation: You expend magic power (3 MP) to
                  | strengthen your wands. [Xom's grace]
 53583 | D:9      | Gained mutation: You are robust. (+10% HP) [Xom's grace]
 53583 | D:9      | Gained mutation: You are completely covered in iridescent
                  | scales. (AC +6) [Xom's grace]
 53754 | Depths:4 | Entered Level 4 of the Depths
 53765 | Depths:4 | XOM: scenery: 2 doors open, 1 doors close
 53811 | Depths:4 | Found a gate to the Realm of Zot.
 53834 | Depths:4 | Found a one-way gateway to a ziggurat.
 53878 | Depths:4 | XOM: 4-stop teleportation journey
 53933 | Depths:4 | XOM: god gift: +1 chain mail of cold resistance
 54043 | Depths:4 | XOM: scenery: 3 doors close
 54236 | Depths:4 | Found a corrupted altar of Lugonu.
 54269 | Depths:4 | XOM: god gift: wand of charming (5)
 54288 | Depths:4 | Identified the +4 sling "Qitox" {elec, Dex+3}
 54429 | Depths:4 | XOM: cast spell 'Discord'
 54466 | Depths:4 | XOM: scenery: 1 doors close
 54502 | Depths:4 | XOM: give mutation
 54502 | Depths:4 | Gained mutation: A frigid envelope surrounds you and
                  | freezes all who hurt you. [Xom's grace]
 54833 | Vaults:5 | Entered Level 5 of the Vaults
 54833 | Vaults:5 | Noticed an ancient lich
 54850 | Vaults:5 | Killed an ancient lich
 54927 | Vaults:5 | Noticed Sojobo
 54934 | Vaults:5 | Killed Sojobo
 54980 | Vaults:5 | Noticed a dread lich
 54995 | Vaults:5 | Killed a dread lich
 55032 | Vaults:5 | Noticed a dread lich
 55064 | Vaults:5 | Killed a dread lich
 55065 | Vaults:5 | XOM: scenery: create altars
 55087 | Vaults:5 | XOM: god gift: book of Party Tricks
 55087 | Vaults:5 | Noticed Margery
 55108 | Vaults:5 | XOM: scenery: summon butterflies
 55147 | Vaults:5 | XOM: fog
 55291 | Vaults:5 | XOM: give mutations
 55291 | Vaults:5 | Gained mutation: You have a pair of small horns on your
                  | head. [Xom's grace]
 55291 | Vaults:5 | Gained mutation: You have a somewhat thin skeletal
                  | structure. (Dex +2, Stealth+) [Xom's grace]
 55291 | Vaults:5 | Gained mutation: You passively dampen the noise of your
                  | surroundings. [Xom's grace]
 55291 | Vaults:5 | Gained mutation: You have a moderately thin skeletal
                  | structure. (Dex +4, Stealth++) [Xom's grace]
 55312 | Vaults:5 | Reached XP level 25. HP: 222/241 MP: 2/23
 55407 | Vaults:5 | XOM: polymorph shadow dragon -> shadow dragon
 55450 | Vaults:5 | XOM: scenery: create altars
 55576 | Vaults:5 | XOM: confuse monster(s)
 55588 | Vaults:5 | XOM: summons 7 friendly demons
 55591 | Vaults:5 | Identified the +2 robe "Enuirimp" {Will+}
 55591 | Vaults:5 | Noticed Boris
 55617 | Vaults:5 | Killed Boris
 55812 | Vaults:5 | Identified the +1 pair of gloves of Simyek {Rampage rElec
                  | Int+4}
 55966 | Vaults:5 | XOM: polymorph golden dragon -> emperor scorpion
 56046 | Vaults:5 | XOM: polymorph shadow dragon -> shadow dragon
 56073 | Vaults:5 | Noticed Bai Suzhen
 56131 | Vaults:5 | XOM: enchant monster (good)
 56183 | Vaults:5 | Identified the staff of the Lair of Beasts {rPois rF+ Dex+3
                  | Necro Alchemy}
 56184 | Vaults:5 | Identified the +12 rapier of the Rat {venom, Dex+2}
 56202 | Vaults:5 | Killed Bai Suzhen
 56207 | Vaults:5 | Identified the +7 orcbow "Ihame" {antimagic, Dex+3}
 56471 | Vaults:5 | Got a silver rune of Zot
 56630 | Vaults:5 | Killed Margery
 57038 | Zot:1    | Entered Level 1 of the Realm of Zot
 57039 | Zot:1    | You fall into a shaft and drop 1 floor!
 57107 | Zot:2    | XOM: give mutation
 57107 | Zot:2    | Lost mutation: You have a pair of small horns on your head.
                  | [Xom's mischief]
 57431 | Zot:2    | XOM: stat loss: -1 Dex (30/31)
 57599 | Zot:2    | XOM: scenery: 1 doors open
 57645 | Zot:2    | XOM: potion effect (might)
 57699 | Zot:2    | XOM: cloud trail
 57857 | Zot:2    | XOM: repel stairs
 57951 | Zot:2    | XOM: stat loss: -1 Int (16/17)
 58190 | Zot:2    | XOM: give mutation
 58190 | Zot:2    | Lost mutation: You are covered in fur. (AC +1) [Xom's
                  | mischief]
 58212 | Zot:2    | XOM: cleaving
 58336 | Zot:2    | XOM: swap monsters
 58604 | Zot:1    | Reached XP level 26. HP: 256/256 MP: 1/23
 59115 | Zot:1    | XOM: enchant monster (good)
 59163 | Zot:1    | XOM: cloud trail
 59231 | Zot:1    | XOM: scenery: summon butterflies
 59277 | Zot:1    | Identified the maw talisman of the Game of Kings {rC-
                  | Int+7}
 59388 | Zot:1    | XOM: 3-stop teleportation journey
 59500 | Zot:1    | XOM: noise
 59512 | Zot:1    | Identified the +0 leather armour "Soymm" {+Blink Will-
                  | Dex+8}
 59654 | Zot:1    | XOM: summons friendly quasit
 59853 | Zot:1    | XOM: cloud trail
 60229 | Zot:2    | Noticed an orb of fire
 60230 | Zot:2    | Killed an orb of fire
 60276 | Zot:3    | Reached skill level 25 in Fighting
 60545 | Zot:3    | XOM: give mutation
 60545 | Zot:3    | Gained mutation: You heal very quickly. [Xom's grace]
 60592 | Zot:3    | Identified the -1 pair of boots "Alottoich" {rCorr}
 60621 | Zot:3    | XOM: confuse monster(s)
 60849 | Zot:3    | XOM: 1-stop teleportation journey
 60893 | Zot:3    | XOM: scenery: 1 doors close
 61005 | Zot:3    | XOM: destruction
 61193 | Zot:3    | Found a runed translucent gate.
 61194 | Zot:3    | Found a runed translucent gate.
 61194 | Zot:3    | Found a runed translucent gate.
 61195 | Zot:3    | Found an opulent altar of Gozag.
 61206 | Zot:3    | Found Oforu Poutz's Assorted Antiques.
 61236 | Zot:3    | Noticed Muataran's ghost (veteran MiMo)
 61668 | Zot:4    | XOM: divination: detect items
 61730 | Zot:4    | Acquired 592 gold pieces
 61924 | Zot:4    | XOM: cast spell 'Olgreb's Toxic Radiance'
 62009 | Zot:4    | XOM: give mutation
 62009 | Zot:4    | Lost mutation: You heal very quickly. [Xom's mischief]
 62134 | Zot:4    | XOM: 3-stop teleportation journey
 62143 | Zot:4    | XOM: summons 13 hostile demons
 62315 | Zot:4    | XOM: 3-stop teleportation journey
 62440 | Zot:4    | XOM: noise
 62443 | Zot:4    | XOM: summons 11 friendly demons
 62444 | Zot:4    | Reached XP level 27. HP: 255/268 MP: 1/23
 62469 | Zot:4    | Reached skill level 26 in Fighting
 62592 | Zot:4    | XOM: give mutations
 62592 | Zot:4    | Lost mutation: You are somewhat resistant to further
                  | mutation. [Xom's mischief]
 62592 | Zot:4    | Lost mutation: You have a moderately thin skeletal
                  | structure. (Dex +4, Stealth++) [Xom's mischief]
 62592 | Zot:4    | Lost mutation: Your mind is acute. (Int +4, Str/Dex -1)
                  | [Xom's mischief]
 62616 | Zot:5    | Entered Level 5 of the Realm of Zot
 62650 | Zot:5    | XOM: swap monsters
 62703 | Zot:5    | XOM: blink monster(s)
 62764 | Zot:5    | XOM: god gift: 20 gold pieces
 62793 | Zot:5    | Noticed an ancient lich
 62810 | Zot:5    | Killed an ancient lich
 62811 | Zot:5    | XOM: polymorph Orb Guardian -> two-headed ogre
 62833 | Zot:5    | Noticed an ancient lich
 62853 | Zot:5    | Killed an ancient lich
 62873 | Zot:5    | XOM: summons friendly ufetubus
 62879 | Zot:5    | XOM: butterfly on damage
 62893 | Zot:5    | Noticed an orb of fire
 62893 | Zot:5    | XOM: noise
 62893 | Zot:5    | Noticed an orb of fire
 62900 | Zot:5    | Gained mutation: You are weak. (Str -2) [an orb of fire]
 62903 | Zot:5    | Killed an orb of fire
 62914 | Zot:5    | Killed an orb of fire
 62921 | Zot:5    | XOM: polymorph Killer Klown -> iron troll
 63143 | Zot:5    | XOM: potion effect (berserk rage)
 63149 | Zot:5    | XOM: enchant monster (bad)
 63165 | Zot:5    | XOM: noise
 63197 | Zot:5    | Got the Orb of Zot
 63370 | Zot:1    | XOM: enchant monster (good)
 63464 | D:15     | Noticed Jaigoamm the pandemonium lord
 63502 | D:13     | XOM: confusion
 63600 | D:9      | Noticed Nasyeghy the pandemonium lord
 63612 | D:8      | XOM: summons 14 hostile demons
 63628 | D:8      | Reached skill level 27 in Fighting
 63684 | D:6      | XOM: confusion
 63689 | D:6      | XOM: noise
 63757 | D:2      | Noticed Qulot the pandemonium lord
 63833 | D:1      | gg
 63834 | D:$      | Escaped with the Orb!

Illustrated notes

#.##### #...#.#.#.....# #.#
#.##### #...#.#.#.##### #.#
......######...#.#.#.# #.#
#.##...#.......#.#.#.# #.#
#......#.#####.#.#.#.# #.#
###....#.#####.#.#.#.# #.# #
#....#.#.....#...#.# #.# #
#....#.#.#########.# ####.#
###....#.#.# ##@# #.# #.....
....#'##.#.# ##6.# #.# #.####
###....#.#.###...# #.# #.#
##..........##...###.# #.#
##.....#....#...6.∩#.# #.####
##.........##.....∩#.#######....#
##.........#∩.....##..........#.#
.#.........#∩.....##.########.#.#
.#.........#∩.....∩### #...#


Turn 63833 on D:1: gg

Levels and vault maps discovered:
D:1:      amcnicky_arrival_abandoned_market, layout_basic,
          dreamdust_ecumenical_altar_statues
D:2:      layout_rooms, uniq_terence
D:3:      layout_loops_ring, gammafunk_ghost_grave, uniq_jessica
D:4:      kennysheep_six_static_rooms, layout_basic,
          mainiacjoe_sewer_entry_somewhere_in_here_2, minmay_joined_circles
D:5:      layout_basic, serial_shops, shop, shop, shop,
          nicolae_shop_window_shopping
D:6:      layout_loops_cross, minmay_crossroads
D:7:      layout_loops_cross, minmay_temple_entry_slanted, minmay_shop_chei,
          uniq_duvessa, uniq_menkaure, uniq_joseph, uniq_jeremiah
D:8:      kennysheep_spiral_hall, layout_loops_corners, david_lair_generic,
          enter_bailey_2, uniq_grum
D:9:      layout_big_octagon, marbit_many_paths, gammafunk_ghost_spectres
D:10:     layout_roguey, gammafunk_ghost_cemetery, uniq_fannar, uniq_erica
D:11:     minmay_goldmine, layout_gridville, uniq_harold
D:12:     layout_basic, orc_0_dummy
D:13:     layout_roguey
D:14:     layout_basic, grunt_vaults_entry_fortified, hex_intersection,
          serial_shops, nicolae_shop_drivethru, kennysheep_generic_room_12
D:15:     hangedman_depths_entry_try_elsewhere_first, layout_cave_pools,
          fedhas_altar_1, nicolae_ru_awakened_eye
Lair:1:   layout_gridlike, ebering_ghost_xom, special_room [special_room_bee]
Lair:2:   layout_cave_pods, st_stairs_13, serial_bayou_crossing
Lair:3:   layout_small_grid, minmay_shoals_entry_beasts, dummy_snake_entry,
          mumra_transporter_accident, serial_bayou_shore_a, grunt_megastairs_4,
          infiniplex_staircase_pool, uniq_urug
Lair:4:   layout_roguey, minmay_slime_entry_oklob_enclosed, grunt_megastairs_3,
          uniq_josephine, uniq_sonja
Lair:5:   evilmike_catoblepas_cave, layout_regular_city,
          portal_ice_cave_entry_animals_and_master
Shoals:1: layout_shoals, ldierk_geyser, uniq_kirke
Shoals:2: layout_shoals, nicolae_shop_unique_rings
Shoals:3: layout_shoals, nicolae_shoals_former_cling_halls, uniq_nikola
Shoals:4: shoals_end_hellmonk_holy_island
Snake:1:  layout_chambers, uniq_agnes
Snake:2:  layout_onion_interference, gammafunk_ghost_arena, grunt_megastairs_5,
          uniq_jorgrun, uniq_asterion, uniq_donald
Snake:3:  layout_cave_pods, st_stairs_14, drop_trap, nicolae_take_the_stairs,
          nicolae_coiled_stairwell_down
Snake:4:  minmay_snake_end_coiled, layout_cave_town, uniq_vashnia
Orc:1:    layout_diamond_mine, basic_altar, uniq_maurice
Orc:2:    st_orc_rangers, layout_caves
Elf:1:    elf_arrival_001, layout_rooms, serial_shops, nicolae_shop_trees,
          nicolae_shop_pleasant_corner_grove, hangedman_elf_represent,
          kilobyte_mutagenic_chamber, grunt_megastairs_1
Elf:2:    nicolae_elf_blades_splatter_lattice [grunt_blade_entry_basic],
          layout_loops_ring, serial_shops, nicolae_shop_window_shopping
Elf:3:    minmay_elf_hall_spiked, layout_geoelf_castle, serial_shops, shop,
          hangedman_elf_power_crystal
Vaults:1: v_misc_14, grunt_tower_of_power, hangedman_vaults_variations,
          v_misc_18, serial_ice_h, nicolae_vaults_mitosis,
          hangedman_vaults_stitches, ontoclasm_vaults_fault,
          nicolae_vaults_house_3, nicolae_vaults_taking_the_gang_shopping,
          nicolae_vaults_border_crossing, nicolae_vaults_two_Ls,
          ontoclasm_vaults_ring_small, layout_vaults_omnibox, serial_shops,
          nicolae_lakefront_shop, nicolae_square_shop,
          nicolae_shop_industrial_runoff, nicolae_shop_tiny_waterfront, shop
Vaults:2: nicolae_vaults_circle_grid_b, hangedman_vaults_capsules,
          nicolae_vaults_yaktaur_gun_rack, hangedman_vaults_river_flow,
          nicolae_vaults_three_branches, serial_ice_g, layout_vaults_quadrants
Vaults:3: mu_enter_wizlab_2, vaults_dpeg_emergency_exit,
          minmay_crypt_entry_simple_corners, nicolae_vaults_off_center_swirl,
          v_misc_1, grunt_vaults_focal, nicolae_vaults_more_shelving_1,
          nicolae_vaults_little_squares_2, v_rooms_1,
          nicolae_vaults_variable_pillar_hall, hangedman_vaults_trim,
          nicolae_vaults_apartment_2, nicolae_vaults_alarming,
          nicolae_vaults_house_2, nicolae_vaults_little_squares_1,
          layout_vaults_ring
Vaults:4: ontoclasm_vaults_hangar, ontoclasm_vaults_chip,
          nicolae_vaults_trapezoid_2, vaults_room_grunt_arrival_ludios,
          layout_vaults_maze_bifur
Vaults:5: uniq_bai_suzhen, uniq_boris, uniq_margery, uniq_sojobo
Depths:1: layout_cave_shapes, serial_shops, nicolae_shop_tiny_real_fake_doors,
          lemuel_doored_altar, special_room [special_room_morgue], hell_entry,
          serial_bayou_pond_c, kennysheep_generic_room_2
Depths:2: minmay_connected_triangles_in_corner, layout_basic,
          rand_demon_pan_entry_5, abyss_entry_crystal, hell_entry,
          serial_sigils, serial_sigils_hangedman_scar,
          serial_sigils_hangedman_scratch, serial_sigils_hangedman_carve,
          serial_sigils_hangedman_shear, serial_shops, shop, kennysheep_path_1,
          infiniplex_staircase_split_hallway, serial_bayou_shore_b, uniq_norris,
          uniq_grunn
Depths:3: radiant_caverns_a_rkd, pan_entry, hell_entry, abyss_entry
Depths:4: evilmike_zot_entry_basic, layout_gridlike, enter_ziggurat_f,
          hellmouth_1, chequers_hall_statues_corner_a, abyss_entry_flame_altar,
          serial_bayou_shore_b
Zot:1:    layout_cathedral_of_symmetry, regret_index_zotdec_bone_old,
          grunt_megastairs_2
Zot:2:    regret_index_zot_pan_timeshare, layout_gridlike, skrybe_zot_glass_2,
          lemuel_elevator
Zot:3:    layout_concentric_octagons, ebering_ghost_gozag,
          regret_index_zotdec_under_construction
Zot:4:    layout_twisted_circle
Zot:5:    layout_misc_corridors

Skill      XL: |  1  2  3  4  5  6  7  8  9 10 11 12 13 14 15 16 17 18 19 20 21 22 23 24 25 26 27 |
---------------+----------------------------------------------------------------------------------+-----
Long Blades    | 4 5 6 7 13 14 15 16 | 16.0
Fighting       | 4 5 6 7 8 10 11 13 15 16 17 18 20 23 24 25 27 | 27.0
Dodging        | 1 2 3 4 5 6 10 11 13 15 16 17 20 22 23 24 | 24.8
Evocations     | 3 4 8 10 12 15 20 | 20.0
Armour         | 6 10 12 13 15 17 18 | 18.0
Short Blades   | 6 10 | 10.5

Action                     |  1- 3 |  4- 6 |  7- 9 | 10-12 | 13-15 | 16-18 | 19-21 | 22-24 | 25-27 || total
---------------------------+-------+-------+-------+-------+-------+-------+-------+-------+-------++-------
  Melee: Falchion          |    39 |    71 |   105 |    30 |     6 |       |       |       |       ||   251
         Short sword       |    14 |    64 |    98 |   111 |   590 |   877 |     7 |       |       ||  1761
         Long sword        |       |       |       |    81 |    94 |       |       |       |       ||   175
         Scimitar          |       |       |       |       |   524 |   952 |  1041 |   949 |       ||  3466
         Peck              |       |       |       |       |       |   118 |   342 |       |       ||   460
         Rapier            |       |       |       |       |       |       |   924 |  1595 |  2401 ||  4920
         Unarmed           |       |       |       |       |       |       |     2 |       |       ||     2
         Headbutt          |       |       |       |       |       |       |       |    56 |   128 ||   184
  Evoke: Wand              |       |       |       |       |    14 |    11 |       |     5 |     1 ||    31
         Lightning rod     |       |       |       |       |       |     4 |     4 |       |       ||     8
         Phial of floods   |       |       |       |       |       |     2 |       |       |       ||     2
         Box of beasts     |       |       |       |       |       |       |     1 |       |       ||     1
    Use: Potion            |       |     2 |       |     3 |       |     6 |     9 |    23 |    11 ||    54
         Scroll            |       |       |     9 |     8 |    11 |    11 |    15 |     7 |    16 ||    77
   Stab: Sleeping          |     1 |     2 |     1 |     1 |       |     1 |     6 |     3 |    20 ||    35
         Paralysed         |       |     5 |     1 |       |       |       |       |       |       ||     6
         Confused          |       |       |       |     1 |     4 |     7 |    10 |     3 |     6 ||    31
         Invisible         |       |       |       |       |    22 |    26 |     1 |       |    14 ||    63
         Distracted        |       |       |       |       |     2 |       |     1 |       |    12 ||    15
         Petrified         |       |       |       |       |     3 |       |       |       |       ||     3
         Petrifying        |       |       |       |       |       |       |     1 |       |       ||     1
 Armour: Leather armour    |    27 |    24 |    48 |    87 |    20 |       |       |       |       ||   206
         Plate armour      |       |       |       |       |   557 |   415 |       |       |       ||   972
         Pearl dragon scal |       |       |       |       |       |   606 |   736 |   678 |   139 ||  2159
         Steam dragon scal |       |       |       |       |       |       |       |    80 |       ||    80
         Quicksilver drago |       |       |       |       |       |       |       |       |   247 ||   247
  Dodge: Dodged            |    24 |    52 |    81 |   127 |   344 |   808 |  1208 |  1572 |   993 ||  5209

Table legend: (Time is in decaauts)
 A = Elapsed time spent in this place.
 B = Non-inter-level travel time spent in this place.
 C = Inter-level travel time spent in this place.
 D = Time resting spent in this place.
 E = Time spent auto-exploring this place.
 F = Levels seen in this place.
 G = Mean time per level.
                   A        B        C        D        E       F      G
               +--------+--------+--------+--------+--------+-----+--------+
         Total |  64509 |  57248 |   7261 |  14805 |  27041 |  51 | 1264.9 |
       Dungeon |  14930 |  11988 |   2942 |   1660 |   7238 |  15 |  995.3 |
          Lair |   6954 |   6024 |    930 |    956 |   3754 |   5 | 1390.8 |
        Shoals |   6224 |   5819 |    405 |   2643 |   1574 |   4 | 1556.0 |
     Snake Pit |   6573 |   5912 |    661 |   2620 |   2049 |   4 | 1643.2 |
  Orcish Mines |   1285 |    982 |    303 |     99 |    539 |   2 |  642.5 |
   Elven Halls |   5483 |   5020 |    463 |   1107 |   2579 |   3 | 1827.7 |
        Vaults |   8049 |   7365 |    684 |   1627 |   3394 |   5 | 1609.8 |
        Depths |   6177 |   5611 |    566 |   1762 |   2336 |   4 | 1544.2 |
           Zot |   6020 |   5717 |    303 |   1304 |   2765 |   5 | 1204.0 |
         Sewer |    149 |    149 |      0 |      0 |     73 |   1 |  149.0 |
        Bailey |    384 |    384 |      0 |     59 |    178 |   1 |  384.0 |
      Ice Cave |    685 |    685 |      0 |    137 |    260 |   1 |  685.0 |
        Wizlab |   1593 |   1593 |      0 |    829 |    297 |   1 | 1593.0 |
               +--------+--------+--------+--------+--------+-----+--------+

Top non-repeatable levels by time:
 Snake:1: 2700 daAuts
   Elf:1: 2275 daAuts
Vaults:1: 2255 daAuts
Depths:3: 2103 daAuts
 Snake:3: 2018 daAuts
   Elf:3: 1939 daAuts
   Zot:2: 1893 daAuts
Vaults:5: 1833 daAuts
    D:14: 1797 daAuts
Shoals:4: 1792 daAuts
Depths:2: 1761 daAuts
Shoals:3: 1753 daAuts
Vaults:2: 1738 daAuts
  WizLab: 1593 daAuts
Shoals:2: 1507 daAuts
